 Dungeon Crawl Stone Soup version 0.31-a0-1161-g593ecc8 (webtiles) character file.

Game seed: 13211520437541535633

19098271 december12 the Invulnerable (level 27, 249/249 HPs)
             Began as a Barachi Artificer on Dec 6, 2023.
             Was the Champion of Ashenzari.
             Escaped with the Orb
             ... and 15 runes on Dec 8, 2023!
             The game lasted 04:45:17 (80094 turns).

december12 the Invulnerable (Barachi Artificer)    Turns: 80094, Time: 04:45:18

Health: 249/249    AC: 53    Str: 20    XL:     27
Magic:  51/54      EV: 22    Int: 26    God:    Ashenzari [******]
Gold:   5490       SH:  0    Dex: 27    Spells: 3/80 levels left

rFire   + + +        a - +9 great sword of the Bound Augur {elec, Cun, Bglg} (curse)
rCold   + + +        (shield currently unavailable)
rNeg    + + +        e - +12 gold dragon scales "Enlightened Gnosis" {rPois rF+ rC+, Self, Bglg} (curse)
rPois   ∞            S - +1 helmet "Vision of Ashenzari" {Will+ Dex+5, Elem, Bglg} (curse)
rElec   +            F - +1 cloak "Ordeal of Ashenzari" {rF++, Self, Bglg} (curse)
rCorr   +            r - +1 pair of gloves "Shattered Visionary" {rElec rCorr, Self, Dev} (curse)
SInv    +            o - +3 pair of mountain boots {steadfast, rC+, Cun, Self} (curse)
Will    +++++        A - amulet of Vitality {RegenMP++ Regen++, Melee, Elem} (curse) Stlth
                     X - ring "Scepticism of Ashenzari" {Will+ Str+5 Int+2, Melee, Cun} (curse)
HPRegen 2.21/turn    W - ring of Ashenzari's Prison {rC+ Int+6 Dex+3, Dev, Elem} (curse)
MPRegen 1.14/turn

%: clarity
@: death-form, studying 2 skills, slow
A: vile attack, torment immunity, no potions, amphibious, slowness 1, strong
legs 2, +LOS
0: Orb of Zot
}: 15/15 runes: decaying, serpentine, slimy, silver, golden, iron, obsidian,
icy, bone, abyssal, demonic, glowing, magical, fiery, dark
a: Hop, Siphon Essence, Begin Untransformation, Renounce Religion, Shatter the
Chains


You escaped.
You worshipped Ashenzari.
Ashenzari was exalted by your worship.
You were an undying horror.
You visited 18 branches of the dungeon, and saw 88 of its levels.
You visited Pandemonium 1 time, and saw 16 of its levels.
You visited the Abyss 2 times.
You visited 1 bazaar.
You also visited: Ossuary, Gauntlet, Volcano and Desolation.

You collected 11904 gold pieces.
You spent 6414 gold pieces at shops.

Inventory:

Hand Weapons
 a - the cursed +9 great sword of the Bound Augur (weapon) {elec, Cun, Bglg}
   (You took it off a tengu reaver on level 5 of the Vaults)

   It has a curse which improves the following skills: Cunning: Dodging and
   Stealth.
   Beguiling: Conjurations, Hexes and Translocations.
 g - a +9 triple sword of venom
Missiles
 l - 10 curare-tipped darts (quivered)
 Z - 2 throwing nets {!f}
Armour
 e - the cursed +12 gold dragon scales "Enlightened Gnosis" (worn) {rPois rF+ rC+, Self, Bglg}
   (You took it off Parghit on level 1 of the Realm of Zot)

   rF+:       It protects you from fire.
   rC+:       It protects you from cold.
   rPois:     It protects you from poison It has a curse which improves the
   following skills: Introspection: Fighting and Spellcasting.
   Beguiling: Conjurations, Hexes and Translocations.
 o - the cursed +3 pair of mountain boots (worn) {steadfast, rC+, Cun, Self}
   (You acquired it on level 15 of the Dungeon)

   Steadfast: It prevents involuntary movement, except for blinking,
   teleportation, or banishment.
   rC+:       It protects you from cold.
   It has a curse which improves the following skills: Cunning: Dodging and
   Stealth.
   Introspection: Fighting and Spellcasting.
 r - the cursed +1 pair of gloves "Shattered Visionary" (worn) {rElec rCorr, Self, Dev}
   (You bought it in a shop in a bazaar)

   rElec:     It insulates you from electricity.
   rCorr:     It protects you from acid and corrosion.
   It has a curse which improves the following skills: Introspection: Fighting
   and Spellcasting.
   Devices:   Evocations and Shapeshifting.
 F - the cursed +1 cloak "Ordeal of Ashenzari" (worn) {rF++, Self, Bglg}
   (You found it in a Gauntlet)

   rF++:      It greatly protects you from fire.
   It has a curse which improves the following skills: Introspection: Fighting
   and Spellcasting.
   Beguiling: Conjurations, Hexes and Translocations.
 S - the cursed +1 helmet "Vision of Ashenzari" (worn) {Will+ Dex+5, Elem, Bglg}
   (You bought it in a shop on level 5 of the Vaults)

   Dex+5:     It affects your dexterity (+5).
   Will+:     It increases your willpower.
   It has a curse which improves the following skills: Elements: Fire Magic, Ice
   Magic, Air Magic and Earth Magic.
   Beguiling: Conjurations, Hexes and Translocations.
Jewellery
 A - the cursed amulet of Vitality (around neck) {RegenMP++ Regen++, Melee, Elem}
   (You found it on level 5 of the Pits of Slime)

   [amulet of magic regeneration]

   RegenMP:   It increases your rate of magic regeneration.
   Regen++:   It increases your rate of health regeneration.
   It has a curse which improves the following skills: Melee Combat: Short
   Blades, Long Blades, Axes, Maces & Flails, Polearms, Staves and Unarmed
   Combat.
   Elements:  Fire Magic, Ice Magic, Air Magic and Earth Magic.
 W - the cursed ring of Ashenzari's Prison (right hand) {rC+ Int+6 Dex+3, Dev, Elem}
   (You found it in the Desolation of Salt)

   [ring of intelligence]

   Int+6:     It affects your intelligence (+6).
   Dex+3:     It affects your dexterity (+3).
   rC+:       It protects you from cold.
   It has a curse which improves the following skills: Devices: Evocations and
   Shapeshifting.
   Elements:  Fire Magic, Ice Magic, Air Magic and Earth Magic.
 X - the cursed ring "Scepticism of Ashenzari" (left hand) {Will+ Str+5 Int+2, Melee, Cun}
   (You found it on level 3 of the Vaults)

   [ring of willpower]

   Str+5:     It affects your strength (+5).
   Int+2:     It affects your intelligence (+2).
   Will+:     It increases your willpower.
   It has a curse which improves the following skills: Melee Combat: Short
   Blades, Long Blades, Axes, Maces & Flails, Polearms, Staves and Unarmed
   Combat.
   Cunning:   Dodging and Stealth.
Talismans
 N - a talisman of death (active)
Wands
 b - a wand of light (6)
 s - a wand of iceblast (51)
 V - a wand of digging (46)
Scrolls
 d - 3 scrolls of blinking
 m - 6 scrolls of immolation
 n - a scroll of vulnerability
 q - 9 scrolls of revelation
 u - 4 scrolls of silence
 x - 14 scrolls of amnesia
 D - 18 scrolls of teleportation
 H - 7 scrolls of fear
 O - 2 scrolls of butterflies
 Q - 7 scrolls of poison
 U - 15 scrolls of fog
Potions
 c - 9 potions of magic
 h - 23 potions of curing
 i - 9 potions of attraction
 j - 19 potions of heal wounds
 k - 15 potions of mutation
 t - 4 potions of resistance
 v - 9 potions of lignification
 w - 5 potions of ambrosia
 y - 14 potions of might
 B - 10 potions of haste
 E - 12 potions of brilliance
 G - 4 potions of invisibility
 I - 6 potions of cancellation
 P - 11 potions of enlightenment
Miscellaneous
 f - a figurine of a ziggurat
 p - a lightning rod (4/4)
 J - a box of beasts


   Skills:
 - Level 22.3(27) Fighting
 - Level 25.6(27) Long Blades
 O Level 27 Armour
 - Level 25.4(27) Dodging
 - Level 0.8(3.1) Stealth
 - Level 23.2(27) Spellcasting
 - Level 5.0(10.3) Conjurations
 - Level 21.7(27) Hexes
 + Level 17.3 Summonings
 * Level 15.6 Necromancy
 - Level 10.3(16.0) Translocations
 - Level 12.0 Transmutations
 - Level 25.5(27) Ice Magic
 - Level 9.0(13.7) Air Magic
 - Level 4.1(8.3) Earth Magic
 - Level 6.0(9.5) Evocations
 - Level 23.8(27) Shapeshifting


You had 3 spell levels left.
You knew the following spells:

 Your Spells              Type           Power      Damage    Failure   Level
a - Polar Vortex          Ice            54%        12d7*     13%         9
b - Summon Mana Viper     Hex/Summ       100%       N/A       1%          5
c - Discord               Hex            54%        N/A       1%          8
d - Manifold Assault      Tloc           87%        N/A       1%          4
e - Ozocubu's Refrigerat  Ice            54%        4d19      1%          7
f - Borgnjor's Vile Clut  Necr/Erth      39%        N/A       1%          5
g - Enfeeble              Hex            54%        N/A       1%          7
h - Vhi's Electric Charg  Tloc/Air       100%       N/A       1%          4
i - Haunt                 Necr/Summ      44%        N/A       9%          7
o - Passwall              Tmut/Erth      60%        N/A       1%          2
p - Passage of Golubria   Tloc           87%        N/A       1%          4
r - Irradiate             Conj/Tmut      37%        3d24      2%          5
v - Blink                 Tloc           100%       N/A       1%          2
y - Yara's Violent Unrav  Hex/Tmut       47%        3d18      1%          5
z - Apportation           Tloc           100%       N/A       0%          1
W - Lesser Beckoning      Tloc           100%       N/A       1%          2

Your spell library contained the following spells:

 Spells                   Type           Power      Damage    Failure   Level
 Necrotise                Necr           100%       1d9       0%          1
 Summon Small Mammal      Summ           100%       N/A       0%          1
 Call Imp                 Summ           100%       N/A       0%          2
 Ensorcelled Hibernation  Hex/Ice        100%       N/A       0%          2
 Jinxbite                 Hex            100%       N/A       0%          2
 Frozen Ramparts          Ice            100%       1d16      0%          3
 Hailstorm                Conj/Ice       93%        3d15      0%          3
 Sigil of Binding         Hex            100%       N/A       0%          3
 Summon Guardian Golem    Hex/Summ       100%       N/A       0%          3
 Tukima's Dance           Hex            100%       N/A       0%          3
 Foxfire                  Conj/Fire      100%       2x1d9     1%          1
 Magic Dart               Conj           100%       1d8       1%          1
 Sandblast                Erth           100%       2d20      1%          1
 Shock                    Conj/Air       100%       1d9       1%          1
 Sting                    Tmut/Pois      100%       1d8       1%          1
 Cigotuvi's Dreadful Rot  Necr/Pois/Air  100%       N/A       1%          2
 Momentum Strike          Conj/Tloc      100%       3d10      1%          2
 Poisonous Vapours        Pois/Air       100%       N/A       1%          2
 Searing Ray              Conj           100%       2d8       1%          2
 Wereblood                Tmut           78%        N/A       1%          2
 Call Canine Familiar     Summ           90%        N/A       1%          3
 Gell's Gravitas          Tloc           87%        N/A       1%          3
 Mephitic Cloud           Conj/Pois/Air  67%        N/A       1%          3
 Stone Arrow              Conj/Erth      100%       3d13      1%          3
 Swiftness                Air            82%        N/A       1%          3
 Teleport Other           Tloc           87%        N/A       1%          3
 Vampiric Draining        Necr           86%        2d12      1%          3
 Volatile Blastmotes      Fire/Tloc      100%       2d18      1%          3
 Ignite Poison            Fire/Tmut/Pois 54%        N/A       4%          3
 Anguish                  Hex/Necr       49%        N/A       0%          4
 Cause Fear               Hex            54%        N/A       0%          4
 Dimensional Bullseye     Hex/Tloc       49%        N/A       0%          4
 Summon Ice Beast         Ice/Summ       100%       N/A       0%          4
 Metabolic Englaciation   Hex/Ice        54%        N/A       0%          5
 Airstrike                Air            41%        2d(6-22)  1%          4
 Animate Armour           Summ/Erth      100%       N/A       1%          4
 Animate Dead             Necr           86%        N/A       1%          4
 Brom's Barrelling Bould  Conj/Erth      70%        2d8       1%          4
 Dispel Undead            Necr           86%        3d28      1%          4
 Fulminant Prism          Conj/Hex       46%        3d21      1%          4
 Iskenderun's Mystic Bla  Conj/Tloc      80%        2d16      1%          4
 Leda's Liquefaction      Hex/Erth       45%        N/A       1%          4
 Petrify                  Tmut/Erth      73%        N/A       1%          4
 Summon Lightning Spire   Summ/Air       86%        N/A       1%          4
 Agony                    Necr           86%        N/A       1%          5
 Arcjolt                  Conj/Air       39%        1d49      1%          5
 Freezing Cloud           Conj/Ice/Air   44%        6-21      1%          5
 Silence                  Hex/Air        48%        N/A       1%          5
 Summon Forest            Summ/Tloc      44%        N/A       1%          5
 Death Channel            Necr           43%        N/A       1%          6
 Dispersal                Tloc           43%        N/A       1%          6
 Simulacrum               Ice/Necr       49%        N/A       1%          6
 Summon Cactus Giant      Summ           45%        N/A       1%          6
 Monstrous Menagerie      Summ           45%        N/A       6%          7
 Summon Hydra             Summ           45%        N/A       6%          7
 Lee's Rapid Deconstruct  Erth           34%        3d17*     8%          5
 Flame Wave               Conj/Fire      59%        2d14      9%          4
 Conjure Ball Lightning   Conj/Air       39%        3x3d13    10%         6
 Alistair's Intoxication  Tmut/Pois      40%        N/A       21%         5
 Fireball                 Conj/Fire      29%        3d13      24%         5
 Bombard                  Conj/Erth      35%        9d6       28%         6
 Plasma Beam              Fire/Air       32%        2x1d45    56%         6
 Disjunction              Tloc           43%        N/A       61%         8
 Olgreb's Toxic Radiance  Pois           35%        N/A       63%         4
 Borgnjor's Revivificati  Necr           43%        N/A       65%         8
 Infestation              Necr           43%        N/A       65%         8
 Orb of Destruction       Conj           36%        9d11      71%         7
 Eringya's Noxious Bog    Tmut/Pois      30%        4d6       73%         6
 Starburst                Conj/Fire      29%        6d9       80%         6
 Ignition                 Fire           19%        3d7       100%        8
 Lehudib's Crystal Spear  Conj/Erth      35%        10d9      100%        8
 Dragon's Call            Summ           45%        N/A       100%        9


Dungeon Overview and Level Annotations

Branches:
Dungeon (15/15)            Temple (1/1) D:6            Lair (5/5) D:8
  Swamp (4/4) Lair:2        Snake (4/4) Lair:3        Slime (5/5) Lair:5
    Orc (2/2) D:9             Elf (3/3) Orc:2        Vaults (5/5) D:14
  Crypt (3/3) Vaults:2       Tomb (3/3) Crypt:3      Depths (4/4) D:15
   Hell (visited)             Dis (7/7) Hell            Geh (7/7) Hell
    Coc (7/7) Hell            Tar (7/7) Hell            Zot (5/5) Depths:4
Ossuary (visited)         Volcano (visited)         Desolation (visited)
Gauntlet (visited)

Altars:
Ashenzari
Cheibriados
Dithmenos
Elyvilon
Fedhas
Gozag
Hepliaklqana
Kikubaaqudgha
Makhleb
Nemelex Xobeh
Okawaru
Qazlal
Ru
Sif Muna
Trog
Uskayaw
Vehumet
Wu Jian
Xom
Yredelemnul
Zin
The Shining One
Jiyva

Shops:
D:7 ?*   D:12 (:   Orc:2 *[*[   Elf:2 [   Vaults:2 [   Vaults:4 =   Vaults:5 [
Depths:2 [   Depths:4 :

Portals:
Hell: Depths:1 Depths:2 Depths:3 Depths:4
Abyss: Swamp:2 Depths:2 Depths:3
Pandemonium: Depths:1 Depths:2
Ziggurat: Depths:3


Innate Abilities, Weirdness & Mutations

You are an undying horror.
Your melee and unarmed attacks drain, slow and weaken victims.
You are immune to unholy pain and torment.
You cannot drink.
You are immune to poison.
You are amphibious.
You cover ground slowly.
You can hop long distances.
You have an extended range of vision and can be seen from far away.


Message History

You kill the Orb Guardian!
Unknown command.
There is a staircase leading out of the dungeon here.
As you read the scroll of butterflies, it crumbles to dust.
You hear the flapping of tiny wings.
Casting: Polar Vortex (dangerous; 13% risk of failure)
Confirm with . or Enter, or press ? or * to list all spells.
Casting: Discord (mildly dangerous; 1% risk of failure)
Press: ? - help, Dir - look around, f - activate The butterfly flies into a frenzy! x33
Your butterfly resists with some effort.
The butterfly flies into a frenzy! x2
No target in view!
No target in view!
You miss the butterfly. You carve the butterfly like a ham!!!
You kill the butterfly!
The butterfly disappears in a burst of colours!
You miss the butterfly.
Casting: Discord (mildly dangerous; 1% risk of failure)
Confirm with . or Enter, or press ? or * to list all spells.
Okay, then.
Unknown command.
Unknown command.
Done exploring.
Unknown command.
Unknown command.
Unknown command.
Unknown command.
Casting: Discord (mildly dangerous; 1% risk of failure)
Confirm with . or Enter, or press ? or * to list all spells.
Okay, then.
Press: ? - help, v - describe, . - travel
Here: a butterfly (summoned, fast, strong, frenzied and wild)
The floor.
Unknown command.
Unknown command.
Okay, then.
Unknown command.
You have escaped!

...#.#.####.###.##...............
.....#...............####........
#.#######.......##..## #........
#....#....#.#...##..# #........
.##).#.#.##.#...##..#####.###.###
#.#..#.#.##.#.............# #.#
.......#.##.#.......####### #.#
#.##.###.##.########## #.#
.###........#8bbzbb.8### #.# ##
#####.####b.§bbb.≈#.# #.# # #.#


#bbbbbbb≈#.# ####.# ########.# #≈b.bbbb§#.# #....# .......{.# #≈bb88.bb#.#
#.#### #######..####≈.bbbbbb#.# #.# #.....#≈.b..b.≈#.###.#
#####.#≈....b.b#...#.# #.#8.....b8#...#.# There were no monsters in sight!

Vanquished Creatures
  Cerebov (Pan)
  Asmodeus (Geh:7)
  Antaeus (Coc:7)
  the Royal Jelly (Slime:5)
  Ereshkigal (Tar:7)
  Ignacio (Pan)
  Gloorx Vloq (Pan)
  Lom Lobon (Pan)
  the Serpent of Hell (Coc:7)
  Tiamat (Zot:3)
  Mnoleg (Pan)
  5 dread liches
  5 orbs of fire
  Mennas (Crypt:1)
  10 ancient liches
  The ghost of Olul the Conqueror, a legendary MiFi of Okawaru (Zot:4)
  4 juggernauts
  Sojobo (Depths:2)
  Josephina (Crypt:3)
  22 royal mummies
  Parghit (Zot:1)
  9 Killer Klowns (Zot:5)
  Saint Roka (Orc:2)
  the Lernaean hydra (Swamp:4)
  5 pandemonium lords
  14 shard shrikes
  Geryon (Hell)
  4 caustic shrikes
  16 golden dragons
  6 profane servitors
  The ghost of Fainec the Devastator, a veteran GrEE of Lugonu (Crypt:1)
  The ghost of Xihuodghy the Slayer, an adept MiBe of Trog (Vaults:3)
  9 bone dragons
  4 doom hounds
  6 electric golems
  8 Tzitzimimeh
  A spectral shard shrike (Tar:2)
  10 Brimstone Fiends
  9 Hell Sentinels
  4 iron giants
  7 hellephants
  18 tentacled monstrosities
  12 Ice Fiends
  Mlioglotl (Snake:1)
  A walking earthen tome (Depths:4)
  4 tainted leviathans
  Asterion (Snake:1)
  3 deep elf master archers (Elf:3)
  16 searing wretches
  2 deep elf blademasters
  28 Orb Guardians
  8 sphinxes
  2 quicksilver dragons
  10 liches
  24 acid blobs
  22 titans
  A walking frostbound tome (Depths:2)
  A walking divine tome (Depths:2)
  25 ancient champions
  11 death cobs
  Kirke (Snake:4)
  Gastronok (Lair:1)
  Aizul (Snake:3)
  3 tentacled starspawn
  2 eldritch tentacles
  16 Executioners
  2 thorn hunters
  4 azure jellies
  14 storm dragons
  7 tengu reavers
  14 nagarajas (Snake:4)
  5 revenants
  15 shadow dragons
  Donald (Snake:4)
  2 draconian monks (Zot:3)
  5 demonspawn warmongers
  14 rockslimes
  10 deep elf sorcerers
  16 narguns
  7 quicksilver elementals (Dis:7)
  6 draconian knights
  16 frost giants
  15 vault wardens
  17 fire giants
  32 balrugs
  3 iron dragons
  6 draconian scorchers
  A ghoul (Crypt:3)
  An orc warlord (Orc:1)
  4 imperial myrmidons (Desolation)
  Louise (Snake:3)
  A spectral caustic shrike (Tar:2)
  3 curse skulls
  A ghost moth (Pan)
  2 shard shrike simulacra
  2 draconian shifters
  3 spriggan defenders
  10 cacodemons
  4 deep elf elementalists (Elf:3)
  15 ironbound preservers
  3 demonspawn blood saints (Pan)
  8 quicksilver oozes
  17 reapers
  The ghost of Xozugaitue the Unseen, a journeyman KoBr of Okawaru (Swamp:2)
  8 green draconians
  16 very ugly things
  17 war gargoyles
  11 vampire knights
  A juggernaut skeleton (Crypt:3)
  4 ironbound thunderhulks
  7 black draconians
  9 stone giants
  6 deep elf demonologists (Elf:3)
  A caustic shrike skeleton (Tomb:1)
  3 draconian annihilators
  11 formless jellyfish
  2 demonspawn black suns
  3 bennus (Tomb:2)
  5 eleionomae
  3 yellow draconians (Zot:3)
  3 lorocyprocas
  17 elemental wellsprings
  A minotaur (Gauntlet)
  9 putrid mouths
  14 deep elf annihilators
  8 spark wasps
  8 red draconians
  4 dire elephants
  2 halazid warlocks (Desolation)
  13 wendigos
  11 white draconians
  7 purple draconians
  8 blizzard demons
  2 bunyips
  4 eidola
  7 iron golems
  21 mummy priests
  4 crystal guardians
  6 deep elf death magi
  2 spectral quicksilver dragons
  2 merfolk javelineers
  8 yaktaur captains
  10 green deaths
  7 jiangshi
  21 ettins
  8 ragged hierophants (Desolation)
  4 fire dragons
  An entropy weaver (Vaults:3)
  11 deep elf high priests
  A quicksilver dragon zombie (Crypt:3)
  8 great orbs of eyes
  A spectral iron giant (Tar:4)
  2 spriggan zombies
  A shambling mangrove (Swamp:3)
  12 ice dragons
  3 spectral spriggans
  6 servants of whispers
  5 caustic shrike simulacra
  A quicksilver dragon skeleton (Pan)
  4 spriggan air magi
  14 rakshasas
  11 salamander tyrants
  12 vault guards
  18 hydras
  An ogre mage (Vaults:5)
  6 two-headed ogres
  Erolcha (Orc:2)
  3 centaur warriors
  3 juggernaut simulacra
  10 peacekeepers
  2 ghost crabs
  4 death knights
  2 hell beasts
  12 alligators
  4 ironbound frosthearts
  A fenstrider witch skeleton (Crypt:1)
  4 catoblepae
  5 death yaks (Lair:5)
  54 dancing weapons
  2 stokers
  7 boulder beetles
  7 anacondas
  10 naga warriors
  7 deep troll earth magi
  4 deep troll shamans
  9 vampire magi
  79 death scarabs
  A sphinx skeleton (Crypt:2)
  The ghost of PhillyD the Martial Artist, a novice GnSh of Gozag (D:6)
  6 occultists
  A thrashing horror (Swamp:2)
  32 hell knights
  Urug (Orc:2)
  11 naga sharpshooters
  17 deep elf knights
  12 tengu warriors
  Nergalle (Lair:2)
  A demonic crawler (Pan)
  5 shock serpents
  33 hell hogs
  46 sun demons
  2 spriggan berserkers
  3 titan zombies
  6 orc high priests
  A storm dragon zombie (D:15)
  5 crystal echidnas
  22 soul eaters
  18 shadow wraiths
  35 skeletal warriors
  A fire crab (Lair:4)
  2 wretched stars (Abyss:4)
  A storm dragon skeleton (D:15)
  10 iron trolls
  2 skysharks
  A spatial maelstrom (Abyss:4)
  A death drake (Swamp:4)
  An iron giant zombie (Tomb:3)
  The ghost of dhlexpress the Thaumaturge, a novice DECj of Vehumet (D:9)
  7 sixfirhies
  2 quicksilver dragon simulacra
  4 shadow demons
  10 swamp dragons
  16 large abominations
  3 spriggan druids
  6 flayed ghosts
  6 glowing orange brains
  4 goliath frogs
  3 anaconda skeletons (Hell)
  39 deep trolls
  14 deep elf archers
  16 arcanists
  14 bog bodies
  18 ironbound convokers
  21 necromancers
  12 lindwurms
  2 spectral hydras (Tar:7)
  3 orc knights
  15 phantasmal warriors
  7 orc sorcerers
  A bunyip skeleton (Crypt:3)
  7 naga ritualists
  21 deep elf zephyrmancers
  8 harpies
  40 ugly things
  37 deep elf pyromancers
  7 mana vipers
  A wolf spider (Vaults:5)
  3 cyclopes
  An oklob plant (Lair:2)
  A faun (shapeshifter) (Vaults:5)
  4 will-o-the-wisps
  5 shining eyes (Slime:5)
  5 manticores
  A worldbinder (Abyss:4)
  22 moths of wrath
  A nameless horror (D:5)
  14 salamanders
  2 frost giant skeletons (Vaults:5)
  4 centaur zombies
  A spectral ettin (Tar:3)
  A human skeleton (Vaults:5)
  7 rust devils
  2 stone giant skeletons
  A spectral centaur (Tar:2)
  An elephant (Lair:1)
  14 naga magi
  14 molten gargoyles
  71 slime creatures
  9 guardian serpents
  3 ice statues
  11 orange demons
  44 black mambas
  A gargoyle (D:10)
  22 smoke demons
  12 vault sentinels
  An alligator snapping turtle zombie (Crypt:2)
  2 eyes of devastation
  A draconian skeleton (Crypt:3)
  A minotaur zombie (Gauntlet)
  A white draconian zombie (Crypt:1)
  9 unseen horrors
  9 cane toads
  4 kobold demonologists
  A dire elephant skeleton (Crypt:3)
  A centaur skeleton (Tomb:2)
  9 hellions
  3 titan simulacra
  2 rime drakes (Lair:3)
  A red draconian zombie (Crypt:2)
  18 komodo dragons
  28 yaktaurs
  A spectral unseen horror (D:6)
  Maggie (D:10)
  An alligator snapping turtle skeleton (Crypt:3)
  5 tengu conjurers
  5 efreet
  2 iron giant simulacra
  15 freezing wraiths
  15 tormentors
  40 guardian mummies
  8 ice devils
  3 bunyip simulacra
  A spectral harpy (Tar:4)
  A catoblepas skeleton (Tomb:1)
  2 anaconda simulacra
  2 minotaur skeletons
  2 red devils (Pan)
  2 spectral nagas
  3 silent spectres
  3 hydra zombies (Hell)
  6 meliai
  A queen bee (shapeshifter) (Vaults:5)
  A harpy zombie (Tomb:3)
  5 polar bears
  6 trolls
  2 polar bears (shapeshifter)
  5 hellwings
  8 hornets
  A snapping turtle (shapeshifter) (Vaults:5)
  A bloated husk (Swamp:2)
  8 tyrant leeches
  A shadow dragon simulacrum (Coc:2)
  10 wind drakes (Pan)
  53 saltlings
  3 elf zombies (Vaults:4)
  An iron dragon simulacrum (Coc:4)
  A harpy skeleton (Hell)
  17 blink frogs
  5 glass eyes
  2 stone giant simulacra
  A human simulacrum (Vaults:5)
  A spectral black mamba (Tar:1)
  2 ettin zombies (Hell)
  9 wraiths
  3 air elementals
  56 flying skulls
  2 shadows
  6 water elementals
  12 ynoxinuls
  5 dire elephant simulacra
  10 wyverns
  3 naga simulacra
  4 ettin skeletons
  14 ushabtiu
  8 spriggans
  A black mamba skeleton (Crypt:2)
  13 basilisks
  A basilisk (shapeshifter) (D:13)
  A fire bat (Volcano)
  7 humans
  48 yaks
  6 hogs (Snake:4)
  18 golden eyes
  3 steam dragons
  An alligator snapping turtle simulacrum (Coc:1)
  4 fire elementals
  8 redbacks (Elf:2)
  9 vampire mosquitoes (D:12)
  8 chaos spawn
  9 neqoxecs (Pan)
  2 spatial vortices (Abyss:4)
  18 swamp worms
  10 harpy simulacra
  15 water moccasins
  A naga zombie (Crypt:3)
  39 nagas
  2 acid dragons
  12 hell hounds
  9 swamp drakes
  2 sky beasts
  An ice beast (D:5)
  39 orc warriors
  4 black bears
  A merfolk simulacrum (Coc:2)
  7 ogres
  17 boggarts
  15 wolves
  12 centaurs
  2 kobold brigands
  3 phantoms
  13 bullfrogs
  2 brain worms (Abyss:4)
  A gnoll sergeant (D:7)
  3 necrophages
  A scorpion (D:5)
  2 yaktaur skeletons
  3 earth elementals
  8 small abominations
  10 wights
  A demonspawn simulacrum (Coc:1)
  5 spriggan skeletons
  6 killer bees (D:9)
  3 howler monkeys
  An electric eel (Lair:1)
  3 crimson imps (D:8)
  5 lava snakes (Lair:5)
  A human zombie (D:4)
  5 jellies
  2 hounds
  31 orc priests
  A gnoll bouda (D:5)
  3 iguanas
  Jessica (D:3)
  61 orc wizards
  A sleepcap (D:8)
  2 scorpion zombies (D:4)
  3 hell rats (Hell)
  4 naga skeletons
  An ogre zombie (Crypt:1)
  3 centaur simulacra
  3 hound zombies (D:4)
  38 mummies
  9 gnolls
  10 adders
  7 white imps
  2 ufetubi (D:6)
  An iguana skeleton (Crypt:2)
  2 worms (D:2)
  2 dart slugs
  90 orcs
  7 ball pythons
  2 bats
  A bat skeleton (Crypt:1)
  10 endoplasms
  2 giant cockroaches
  2 gnoll zombies (Ossuary)
  7 goblins
  5 hobgoblins
  3 jackals (D:1)
  3 quokkas
  A river rat zombie (Crypt:1)
  3 frilled lizards
  2 hobgoblin zombies (Ossuary)
  17 kobolds
  A kobold zombie (Ossuary)
  4 orc zombies
  4 rats
  A ball lightning (Pan)
  3 fire vortices (Pan)
  A lurking horror (Abyss:4)
  A spectral weapon (Zot:5)
  6 starspawn tentacles
3508 creatures vanquished.

Vanquished Creatures (collateral kills)
  Dispater (Dis:7)
  A dread lich (Tar:7)
  A juggernaut (Dis:7)
  2 royal mummies (Tomb:1)
  A Killer Klown (Zot:5)
  A pandemonium lord (Pan)
  A shard shrike (Coc:5)
  4 caustic shrikes
  An iron giant (Dis:6)
  2 hellephants (Geh:7)
  2 Tzitzimimeh
  A doom hound (Tar:7)
  4 tainted leviathans (Tar:7)
  6 Hell Sentinels
  A tentacled monstrosity (Pan)
  A lich (Depths:4)
  An Orb Guardian (Zot:5)
  6 titans
  4 sphinxes (Tomb:1)
  A walking frostbound tome (Depths:3)
  3 ancient champions
  A searing wretch (Geh:7)
  2 acid blobs (Slime:5)
  A shadow dragon (Depths:2)
  A tengu reaver (Depths:4)
  2 azure jellies (Slime:5)
  A storm dragon (Zot:4)
  A draconian monk (Zot:1)
  3 frost giants
  A fire giant (Depths:2)
  2 quicksilver elementals
  A deep elf sorcerer (Vaults:5)
  2 vault wardens (Vaults:5)
  A draconian shifter (Zot:1)
  6 very ugly things
  A balrug (Geh:7)
  A cacodemon (Pan)
  2 reapers
  A spectral juggernaut (Tar:7)
  A draconian annihilator (Zot:3)
  A war gargoyle (Dis:7)
  2 ironbound preservers
  A green draconian (Zot:3)
  3 ironbound thunderhulks
  An elemental wellspring (Coc:5)
  5 stone giants
  A red draconian (Zot:1)
  2 vampire knights
  2 white draconians
  2 yellow draconians
  2 purple draconians
  A putrid mouth (Tar:7)
  A deep elf demonologist (Vaults:5)
  A spectral titan (Tar:3)
  An iron golem (Dis:7)
  An ettin (Vaults:5)
  A merfolk impaler (Crypt:1)
  3 mummy priests
  2 yaktaur captains
  A deep elf high priest (Vaults:5)
  A jiangshi (Depths:1)
  16 vault guards (Vaults:5)
  A quicksilver dragon skeleton (Hell)
  2 ogre magi (Vaults:5)
  6 salamander tyrants
  2 deep troll earth magi
  4 deep troll shamans
  A tengu warrior (Depths:2)
  11 death scarabs (Tomb:3)
  A dancing weapon (Dis:7)
  A vampire mage (Crypt:2)
  3 hell hogs (Geh:1)
  3 sun demons
  2 iron trolls
  10 hell knights
  2 crystal echidnas
  A soul eater (Pan)
  4 shadow wraiths (Tar:7)
  A skeletal warrior (D:14)
  11 deep trolls
  A quicksilver dragon simulacrum (Coc:2)
  A phantasmal warrior (Vaults:1)
  A steelbarb worm (shapeshifter) (Vaults:5)
  A lindwurm (Vaults:2)
  5 necromancers
  2 ironbound convokers (Vaults:5)
  11 ugly things
  A vault sentinel (Vaults:5)
  11 smoke demons (Pan)
  A molten gargoyle (Geh:7)
  2 orange demons
  A rust devil (Hell)
  3 naga magi (Snake:3)
  A titan simulacrum (Coc:5)
  A freezing wraith (Coc:5)
  10 yaktaurs
  2 tengu conjurers
  7 guardian mummies
  An iron dragon simulacrum (Coc:5)
  A glass eye (Pan)
  4 slime creatures
  2 flying skulls (Tomb:2)
  A small abomination (Depths:2)
  An ushabti (Tomb:2)
  A ynoxinul (Pan)
  A dire elephant simulacrum (Coc:5)
  A golden eye (Pan)
  7 neqoxecs (Pan)
  A sea snake simulacrum (Hell)
  An ettin simulacrum (Coc:5)
  An orc warrior (D:12)
  2 ogres (Vaults:5)
  A human skeleton (Vaults:5)
  A centaur (D:7)
  A naga simulacrum (Coc:7)
  A troll zombie (Crypt:2)
  5 orc priests
  3 hell rats (Hell)
  12 mummies
  A gnoll (D:10)
  11 orcs
  A lurking horror (Swamp:2)
317 creatures vanquished.

Vanquished Creatures (others)
  3 doom hounds (Tar:7)
  An Orb Guardian (Zot:5)
  2 titans (Coc:7)
  A searing wretch (Geh:7)
  An azure jelly (Coc:7)
  2 draconian knights (Zot:3)
  4 fire giants
  A frost giant (Depths:4)
  A balrug (Pan)
  4 shard shrike simulacra
  2 very ugly things
  A cacodemon (Hell)
  A demonspawn corrupter (Pan)
  A stone giant (Depths:3)
  A spriggan defender (Depths:3)
  A bennu (Tomb:2)
  A green draconian (Zot:4)
  A yellow draconian (Zot:5)
  A deep elf annihilator (Pan)
  3 ettins
  A yaktaur captain (Vaults:5)
  4 vault guards (Vaults:5)
  An ice dragon (Depths:1)
  3 caustic shrike simulacra
  2 juggernaut simulacra
  A hell beast (Hell)
  A spriggan air mage (Pan)
  3 salamander tyrants
  A boulder beetle (D:12)
  A death scarab (Tomb:3)
  2 hell hogs
  4 hell knights
  2 sun demons (Pan)
  A sixfirhy (Pan)
  A quicksilver dragon simulacrum (Coc:5)
  2 deep trolls
  A glowing orange brain (Swamp:2)
  A lindwurm (Vaults:1)
  A harpy (Vaults:5)
  A deep elf pyromancer (Elf:3)
  A necromancer (Hell)
  An ironbound convoker (Vaults:4)
  A shining eye (Pan)
  3 ugly things
  3 deep elf zephyrmancers (Elf:2)
  A cyclops (D:12)
  A vault sentinel (Vaults:5)
  A guardian serpent (Desolation)
  3 smoke demons (Pan)
  2 orange demons (Pan)
  2 hellions
  A freezing wraith (Coc:4)
  An anaconda simulacrum (Coc:4)
  2 tormentors
  4 bloated husks
  2 guardian mummies (Tomb:2)
  2 wind drakes (Pan)
  3 slime creatures
  2 flying skulls (Tomb:2)
  A ynoxinul (Pan)
  2 centaur simulacra
  A golden eye (Pan)
  2 orc warriors
  An ettin simulacrum (Coc:5)
  2 boggarts (D:15)
  A centaur (Volcano)
  A gnoll sergeant (D:10)
  A scorpion (D:4)
  An orc wizard (Orc:1)
  2 mummies (Tomb:2)
  A gnoll (D:10)
  A quokka (D:14)
  5 ball lightnings (Pan)
  20 foxfires
  2 spectral weapons (D:13)
  7 starspawn tentacles
154 creatures vanquished.

Grand Total: 3979 creatures vanquished

Notes
Turn   | Place    | Note
-------+----------+-------------------------------------------
     0 | D:1      | december12 the Barachi Artificer began the quest for the
                  | Orb.
     0 | D:1      | Reached XP level 1. HP: 15/15 MP: 1/1
   221 | D:1      | Reached XP level 2. HP: 22/22 MP: 2/2
   407 | D:3      | Reached XP level 3. HP: 18/28 MP: 3/3
   533 | D:3      | Noticed Jessica
   538 | D:3      | Killed Jessica
   539 | D:3      | Reached XP level 4. HP: 37/37 MP: 4/4
   674 | D:4      | Identified the +1 robe of the Monk {Harm rN+}
   684 | D:4      | Noticed a scorpion
   886 | D:4      | Reached XP level 5. HP: 37/43 MP: 5/5
  1057 | D:4      | Found a shimmering blue altar of Sif Muna.
  1148 | D:4      | Reached skill level 5 in Fighting
  1583 | D:4      | Reached XP level 6. HP: 51/52 MP: 6/6
  1595 | D:4      | Reached skill level 5 in Evocations
  1657 | D:4      | Found an ancient bone altar of Kikubaaqudgha.
  1684 | D:4      | Reached XP level 7. HP: 44/60 MP: 7/7
  2737 | D:2      | Found a faded altar of an unknown god.
  3541 | D:5      | Entered Level 5 of the Dungeon
  3541 | D:5      | Found a sand-covered staircase.
  3556 | Ossuary  | Entered an ossuary
  3611 | Ossuary  | Reached XP level 8. HP: 41/70 MP: 8/8
  3839 | Ossuary  | Reached skill level 1 in Long Blades
  4178 | D:5      | Reached skill level 3 in Armour
  5445 | D:5      | Reached skill level 4 in Armour
  5823 | D:6      | Reached skill level 5 in Long Blades
  5823 | D:6      | Reached XP level 9. HP: 78/78 MP: 9/9
  6054 | D:6      | Reached skill level 10 in Fighting
  6117 | D:6      | Found a staircase to the Ecumenical Temple.
  6137 | Temple   | Entered the Ecumenical Temple
  6188 | D:6      | Found a glowing golden altar of the Shining One.
  6244 | D:6      | Found a runed translucent gate.
  6246 | D:6      | Found a runed translucent gate.
  6246 | D:6      | Found a runed translucent gate.
  6248 | D:6      | Noticed PhillyD's ghost (novice GnSh)
  6248 | D:6      | Noticed a spectral unseen horror
  6431 | D:7      | Found Liddoeff's Magic Scroll Shoppe.
  6431 | D:7      | Found Orout's Assorted Antiques.
  6431 | D:7      | Found Jujoor's General Store.
  6433 | D:7      | Bought a scroll of fear for 48 gold pieces
  6433 | D:7      | Bought a scroll of teleportation for 36 gold pieces
  6433 | D:7      | Bought a scroll of teleportation for 36 gold pieces
  6433 | D:7      | Bought 3 scrolls of identify for 72 gold pieces
  7169 | D:7      | Found Xeveptep's Elemental Accessories.
  7228 | D:7      | Reached skill level 5 in Dodging
  7636 | D:7      | Upgraded the game from 0.31-a0-1144-g99969ba to
                  | 0.31-a0-1156-g12f98b2
  8010 | D:8      | Found a staircase to the Lair.
  8159 | D:8      | Noticed a hornet
  8284 | D:8      | Found a shimmering altar of Xom.
  8287 | D:8      | Found a shadowy altar of Dithmenos.
  8288 | D:8      | Found a white marble altar of Elyvilon.
  8288 | D:8      | Found a stormy altar of Qazlal.
  8415 | D:8      | Killed a hornet
  8416 | D:8      | Reached XP level 10. HP: 53/86 MP: 10/10
  8686 | D:8      | Identified the +2 helmet of Fortitude {rPois Str-3 Slay+2}
  8979 | D:9      | Found a runed translucent gate.
  8980 | D:9      | Found a runed translucent gate.
  8981 | D:9      | Found a runed translucent gate.
  8983 | D:9      | Noticed dhlexpress's ghost (novice DECj)
  9304 | D:9      | Found an opulent altar of Gozag.
  9328 | D:9      | Found a glowing silver altar of Zin.
  9947 | D:9      | Found a staircase to the Orcish Mines.
  9961 | D:9      | Reached skill level 10 in Long Blades
  9994 | D:10     | Entered Level 10 of the Dungeon
 10263 | D:10     | Found a broken altar of Ashenzari.
 10269 | D:10     | Became a worshipper of Ashenzari the Shackled
 10830 | D:10     | Noticed Maggie
 10834 | D:10     | Killed Maggie
 10966 | D:10     | Noticed a gargoyle
 10978 | D:10     | Killed a gargoyle
 11182 | D:10     | Reached XP level 11. HP: 79/95 MP: 11/11
 11287 | D:10     | Found a basalt altar of Yredelemnul.
 11440 | D:11     | Noticed a two-headed ogre
 11615 | D:11     | Killed a two-headed ogre
 12091 | D:11     | Reached skill level 5 in Armour
 12203 | D:11     | Noticed a red ugly thing
 12223 | D:11     | Killed a red ugly thing
 12952 | D:12     | Noticed a deep elf pyromancer
 13130 | D:12     | Noticed a centaur warrior
 13143 | D:12     | Killed a centaur warrior
 13386 | D:12     | Noticed a boulder beetle
 13399 | D:12     | Noticed a cyclops
 13409 | D:12     | Noticed a two-headed ogre
 13420 | D:12     | Killed a two-headed ogre
 13421 | D:12     | Reached skill level 6 in Armour
 13602 | D:12     | Found Dinaxti's Tremendous Tomes.
 13678 | D:12     | Reached * piety under Ashenzari
 13678 | D:12     | Identified a scroll of acquirement
 13687 | D:12     | Killed a deep elf pyromancer
 13688 | D:12     | Reached XP level 12. HP: 104/106 MP: 12/12
 13767 | D:12     | Found Cusk's Antique Weapon Boutique.
 13774 | D:12     | Bought a glowing falchion for 138 gold pieces
 13776 | D:12     | Bought a faintly glowing dagger for 161 gold pieces
 13776 | D:12     | Identified the +10 dagger "Ycaobe Pius" {spect, Will+
                  | Stlth+} (You bought it in a shop on level 12 of the
                  | Dungeon)
 14219 | D:13     | Noticed a fire dragon
 14381 | D:13     | Reached ** piety under Ashenzari
 14948 | D:14     | Reached skill level 10 in Dodging
 15143 | D:14     | Noticed a centaur warrior
 15154 | D:13     | Killed a centaur warrior
 15354 | D:14     | Found a white marble altar of Elyvilon.
 15354 | D:14     | Noticed a catoblepas
 15376 | D:14     | Killed a catoblepas
 15377 | D:14     | Reached skill level 15 in Long Blades
 15841 | D:13     | HP: 4/110 [skeletal warrior/+0 hand axe (21)]
 15841 | D:13     | HP: 1/110 [skeletal warrior/+0 hand axe (3)]
 16381 | D:14     | Noticed a tengu warrior
 16403 | D:14     | Killed a tengu warrior
 16404 | D:14     | Gained mutation: You can hop long distances. [Barachi
                  | growth]
 16404 | D:14     | Reached XP level 13. HP: 71/116 MP: 13/13
 16519 | D:14     | You are sucked into a shaft and drop 1 floor!
 16519 | D:15     | Entered Level 15 of the Dungeon
 16616 | D:14     | Noticed a fire dragon
 16699 | D:15     | Found a staircase to the Depths.
 16720 | D:15     | HP: 3/116 [meliai/divine providence (8)]
 16791 | D:15     | Found a gate leading to a gauntlet.
 16801 | Gauntlet | Entered a Gauntlet
 16801 | Gauntlet | Found a transporter.
 16801 | Gauntlet | Found a transporter.
 16801 | Gauntlet | Found a transporter.
 16820 | Gauntlet | Found a transporter.
 16830 | Gauntlet | Found a transporter.
 16834 | Gauntlet | Found a transporter.
 16837 | Gauntlet | Identified the amulet of Ajarriq {Acrobat Fragile rC+
                  | Str+4}
 16838 | Gauntlet | Identified the ring "Cyebuegh" {rPois Int+2 Dex+4}
 16854 | Gauntlet | Found a transporter.
 16864 | Gauntlet | Identified the +1 cloak "Xonn" {rF++}
 16865 | Gauntlet | Found a transporter.
 16870 | Gauntlet | Found a transporter.
 16873 | Gauntlet | Found a transporter.
 16883 | Gauntlet | Found a transporter.
 16887 | Gauntlet | Found a transporter.
 16890 | Gauntlet | Noticed a quicksilver ooze
 16953 | Gauntlet | Reached *** piety under Ashenzari
 17138 | Gauntlet | Killed a quicksilver ooze
 17467 | Gauntlet | Noticed a minotaur
 17470 | Gauntlet | Identified the -1 pair of gloves of the Orcish Mines
                  | {Str+7}
 17470 | Gauntlet | Killed a minotaur
 17632 | D:15     | Acquired the +3 pair of mountain boots {steadfast, rC+}
 17632 | D:15     | Found the +3 pair of mountain boots {steadfast, rC+}
 18760 | D:14     | Reached XP level 14. HP: 107/128 MP: 14/14
 19100 | D:14     | Reached skill level 15 in Fighting
 19247 | D:14     | Reached skill level 15 in Dodging
 19339 | D:14     | Found a gate to the Vaults.
 20661 | Lair:1   | Entered Level 1 of the Lair of Beasts
 20704 | Lair:1   | Noticed Gastronok
 20766 | Lair:1   | Killed Gastronok
 20866 | Lair:1   | Learned a level 2 spell: Jinxbite
 20944 | Lair:1   | Reached skill level 1 in Hexes
 20949 | Lair:1   | Reached skill level 1 in Spellcasting
 21807 | Lair:2   | Reached XP level 15. HP: 77/134 MP: 21/23
 21967 | Lair:2   | Found a staircase to the Swamp.
 21999 | Lair:2   | Noticed Nergalle
 22022 | Lair:2   | Killed Nergalle
 22078 | Lair:2   | Learned a level 4 spell: Cause Fear
 22081 | Lair:2   | Learned a level 2 spell: Blink
 22635 | Lair:3   | Reached skill level 5 in Hexes
 23085 | Lair:3   | Found a staircase to the Snake Pit.
 23306 | Lair:4   | Identified the +1 robe of the Slightly Bent {rF+ rC- rN+
                  | Int+6}
 23355 | Lair:4   | Reached skill level 5 in Spellcasting
 24014 | Lair:5   | Entered Level 5 of the Lair of Beasts
 24015 | Lair:5   | Found a dark tunnel.
 24081 | Volcano  | Entered a volcano
 24344 | Lair:5   | Found a staircase to the Slime Pits.
 24345 | Lair:5   | Found a viscous altar of Jiyva.
 24486 | Lair:5   | Found a large runed translucent door.
 24486 | Lair:5   | Found a large runed translucent door.
 24811 | Lair:5   | Found an iron altar of Okawaru.
 24887 | Lair:5   | Reached XP level 16. HP: 139/141 MP: 29/29
 25631 | Orc:1    | Entered Level 1 of the Orcish Mines
 25954 | Orc:2    | Entered Level 2 of the Orcish Mines
 26470 | Orc:2    | Noticed Erolcha
 26479 | Orc:2    | Killed Erolcha
 26549 | Orc:2    | Noticed Saint Roka
 26551 | Orc:2    | Noticed Urug
 26588 | Orc:2    | Killed Urug
 26649 | Orc:2    | Killed Saint Roka
 26650 | Orc:2    | Reached skill level 10 in Hexes
 26763 | Orc:2    | Found Fuiclaot's Antique Armour Emporium.
 26764 | Orc:2    | Found Ilephyfi's General Store.
 26764 | Orc:2    | Found Sogux's Antique Armour Shoppe.
 26769 | Orc:2    | Found Guseo's General Store.
 26773 | Orc:2    | Bought a potion of berserk rage for 80 gold pieces
 26773 | Orc:2    | Bought a potion of might for 64 gold pieces
 26773 | Orc:2    | Bought a scroll of fog for 64 gold pieces
 27034 | Orc:2    | Found a staircase to the Elven Halls.
 27283 | Orc:2    | Learned a level 7 spell: Enfeeble
 27286 | Orc:2    | Learned a level 2 spell: Lesser Beckoning
 27459 | D:6      | Killed PhillyD's ghost
 27664 | D:9      | Killed dhlexpress's ghost
 27755 | Swamp:1  | Entered Level 1 of the Swamp
 28134 | Swamp:1  | Noticed a thorn hunter
 28146 | Swamp:1  | Killed a thorn hunter
 28153 | Swamp:1  | Learned a level 5 spell: Freezing Cloud
 28330 | Swamp:2  | Reached skill level 1 in Conjurations
 28330 | Swamp:2  | Reached skill level 1 in Ice Magic
 28330 | Swamp:2  | Reached skill level 1 in Air Magic
 28359 | Swamp:2  | Found a transporter.
 28359 | Swamp:2  | Found a transporter.
 28367 | Swamp:2  | Noticed a tentacled monstrosity
 28406 | Swamp:2  | Reached skill level 7 in Armour
 28748 | Swamp:2  | Reached skill level 10 in Spellcasting
 28988 | Swamp:2  | Noticed Xozugaitue's ghost (journeyman KoBr)
 29038 | Swamp:2  | Noticed a tentacled starspawn
 29166 | Swamp:3  | Reached XP level 17. HP: 151/151 MP: 33/33
 29237 | Swamp:3  | Noticed a tentacled monstrosity
 29256 | Swamp:3  | Killed a tentacled monstrosity
 29379 | Swamp:3  | Identified the maw talisman of Evideg {Int+6 Dex+3 Slay+3}
 29675 | Swamp:4  | Entered Level 4 of the Swamp
 30041 | Swamp:4  | Reached **** piety under Ashenzari
 30188 | Swamp:3  | Reached skill level 5 in Ice Magic
 30390 | Swamp:4  | Reached skill level 5 in Air Magic
 30408 | Swamp:4  | Noticed the 27-headed Lernaean hydra
 30627 | Swamp:4  | Killed the 24-headed Lernaean hydra
 30672 | Swamp:4  | Got a decaying rune of Zot
 31034 | Snake:1  | Entered Level 1 of the Snake Pit
 31260 | Snake:1  | Reached skill level 1 in Translocations
 31279 | Snake:1  | Noticed Mlioglotl
 31284 | Snake:1  | Noticed a tentacled starspawn
 31290 | Snake:1  | Killed Mlioglotl
 31560 | Snake:1  | Noticed Asterion
 31572 | Snake:1  | Killed Asterion
 31832 | Snake:1  | Reached XP level 18. HP: 142/164 MP: 37/37
 32270 | Snake:2  | Identified the +1 scale mail of Circular Logic {rPois}
 33253 | Snake:3  | Noticed Louise
 33262 | Snake:3  | Killed Louise
 33310 | Snake:3  | Identified the serpent talisman of Parlour Games {rC- rN+++
                  | rCorr}
 33310 | Snake:3  | Noticed Aizul
 33324 | Snake:3  | Killed Aizul
 34094 | Snake:4  | Entered Level 4 of the Snake Pit
 34145 | Snake:4  | Noticed Kirke
 34158 | Snake:4  | Killed Kirke
 34158 | Snake:4  | Identified the cursed +3 troll leather armour of the
                  | Tethered Moon {Regen+, Fort, Cun} (You found it on level 14
                  | of the Dungeon)
 34158 | Snake:4  | Identified the cursed ring of Panopticon {rC+, Bglg, Fort}
                  | (You found it on level 1 of the Lair of Beasts)
 34194 | Snake:4  | Reached skill level 10 in Ice Magic
 34548 | Snake:4  | Reached ***** piety under Ashenzari
 34700 | Snake:4  | Got a serpentine rune of Zot
 35099 | Snake:4  | Noticed Donald
 35110 | Snake:4  | Killed Donald
 35111 | Snake:4  | Reached XP level 19. HP: 66/175 MP: 24/40
 35653 | Snake:4  | Learned a level 7 spell: Ozocubu's Refrigeration
 35926 | Elf:1    | Entered Level 1 of the Elven Halls
 35938 | Elf:1    | Learned a level 2 spell: Passwall
 36873 | Elf:2    | Found a crumbling gateway.
 36908 | Desolati | Entered the Desolation of Salt
 37197 | Desolati | Identified the +10 hand axe of Equilibrium {venom, Fly
                  | Str+2}
 37234 | Desolati | Reached skill level 15 in Ice Magic
 37384 | Desolati | Identified the +8 orcbow of Inquiry {freeze, Will++ Dex-2}
 37384 | Desolati | Found the +8 demon blade "Leech" {evervamp, Harm Drain rN+}
 37387 | Desolati | Reached ****** piety under Ashenzari
 37404 | Desolati | Identified the ring "Gusekit" {rC+ Int+6 Dex+3}
 37405 | Desolati | Identified the +3 mace of Doshung {flame, Dex+6}
 37695 | Desolati | Identified the Collected Works on the Tempest and the
                  | Ground
 37695 | Desolati | Identified the Encyclopedia of the Torch and the Zephyr
 37703 | Desolati | Identified the amulet of Fipegai {Faith rF+ Regen+ Int-3
                  | Dex+3}
 38003 | Desolati | Reached XP level 20. HP: 149/168 MP: 38/43
 38369 | Elf:2    | Found a runed translucent gate.
 38369 | Elf:2    | Found a runed translucent gate.
 38369 | Elf:2    | Found a runed translucent gate.
 38429 | Elf:2    | Found Cotwih's Armour Shoppe.
 38512 | Elf:2    | Identified the Encyclopedia of Axaxaxas mlö
 38515 | Elf:2    | Identified the Folio of Dhcmrlchtdj
 38636 | Elf:2    | Identified the Grimoire of Combed Thunderclap
 38672 | Elf:2    | Learned a level 6 spell: Simulacrum
 39328 | Elf:2    | Learned a level 9 spell: Polar Vortex
 39334 | Elf:2    | Learned a level 5 spell: Borgnjor's Vile Clutch
 39387 | Elf:3    | Entered Level 3 of the Elven Halls
 39491 | Elf:3    | Reached skill level 15 in Spellcasting
 39584 | Elf:3    | Reached skill level 1 in Necromancy
 39718 | Elf:3    | Reached XP level 21. HP: 66/189 MP: 3/45
 39924 | Elf:3    | Identified the +7 short sword "Saugun" {freeze, rN+}
 39924 | Elf:3    | Found the +8 Vampire's Tooth {megavamp}
 39924 | Elf:3    | Identified the staff "Nepn" {rElec rC+ rN+ Will- Int+5 Ice}
 39927 | Elf:3    | Identified the +4 long sword "Akhoarch" {pain, rF+ Str+4
                  | Int+2 Dex+4}
 39979 | Elf:3    | Found the +7 captain's cutlass {speed, disarm}
 39980 | Elf:3    | Identified the +0 leather armour of Jigsaw {rC+++ MP+9
                  | Str-2 Dex-3}
 39980 | Elf:3    | Identified the +5 war axe of Brawling {pain, Int+6 Dex-3}
 39980 | Elf:3    | Identified the ring "Xupugom" {rPois rF+}
 39980 | Elf:3    | Identified the +12 chain mail of Zide {rPois rC- Dex+8
                  | Stlth+}
 40184 | Elf:3    | Found a shimmering blue altar of Sif Muna.
 40291 | Elf:3    | Identified the amulet "Yroocsun" {RegenMP rCorr Dex+2}
 40600 | Elf:3    | Learned a level 5 spell: Summon Mana Viper
 40605 | Elf:3    | Learned a level 4 spell: Vhi's Electric Charge
 40610 | Elf:3    | Learned a level 4 spell: Manifold Assault
 40881 | Vaults:1 | Entered Level 1 of the Vaults
 41370 | Vaults:1 | Reached skill level 5 in Necromancy
 42211 | Vaults:2 | Identified the ring "Zemytit" {rCorr SInv}
 42351 | Vaults:2 | Found Edyiggit's Antique Armour Boutique.
 42553 | Vaults:2 | Noticed a golden dragon
 42565 | Vaults:2 | Killed a golden dragon
 42614 | Vaults:2 | Identified the amulet of the Fortifying Priest {Reflect rC+
                  | Will+ SH+5}
 42797 | Vaults:2 | Reached XP level 22. HP: 164/200 MP: 41/48
 43001 | Vaults:2 | Found a staircase to the Crypt.
 43001 | Vaults:2 | Found an ancient bone altar of Kikubaaqudgha.
 43002 | Vaults:2 | Found a basalt altar of Yredelemnul.
 43546 | Vaults:3 | Reached skill level 1 in Earth Magic
 43877 | Vaults:3 | Found a runed translucent gate.
 43877 | Vaults:3 | Found a runed translucent gate.
 43877 | Vaults:3 | Found a runed translucent gate.
 43877 | Vaults:3 | Found an ancient bone altar of Kikubaaqudgha.
 43877 | Vaults:3 | Identified the ring "Budoc" {Will+ Str+5 Int+2}
 43877 | Vaults:3 | Identified the +0 helmet "Elenei" {Str+3}
 43877 | Vaults:3 | Noticed Xihuodghy's ghost (adept MiBe)
 43877 | Vaults:3 | Noticed a dread lich
 43877 | Vaults:3 | Noticed an ancient lich
 43897 | Vaults:3 | Killed an ancient lich
 43902 | Vaults:3 | Killed a dread lich
 43938 | Vaults:3 | Killed Xihuodghy's ghost
 44488 | Vaults:3 | Learned a level 8 spell: Discord
 45010 | Vaults:4 | Found Semustai's Jewellery Shoppe.
 45568 | Vaults:5 | Entered Level 5 of the Vaults
 45568 | Vaults:5 | Noticed a dread lich
 45574 | Vaults:5 | Reached XP level 23. HP: 122/203 MP: 15/48
 45581 | Vaults:4 | Killed a dread lich
 45696 | Vaults:5 | Noticed a golden dragon
 45908 | Vaults:5 | Killed a golden dragon
 46002 | Vaults:5 | Noticed a golden dragon
 46067 | Vaults:5 | Killed a golden dragon
 46161 | Vaults:5 | Noticed an ancient lich
 46167 | Vaults:5 | Killed an ancient lich
 46244 | Vaults:5 | HP: 7/203 [yaktaur captain/bolt (18)]
 47049 | Vaults:5 | Found Ekotzac's Antique Armour Boutique.
 47059 | Vaults:5 | Bought an encrusted helmet for 237 gold pieces
 47059 | Vaults:5 | Identified the +1 helmet of the Abyss {Will+ Dex+5} (You
                  | bought it in a shop on level 5 of the Vaults)
 47193 | Vaults:5 | Reached skill level 1 in Shapeshifting
 47282 | Vaults:5 | Reached skill level 15 in Hexes
 47528 | Vaults:5 | Identified the amulet "Eterhek" {rC+ rN+ Regen+ Str+3}
 47532 | Vaults:5 | Got a silver rune of Zot
 47536 | Vaults:5 | Identified the Textbook on Kindled Nonlocality
 47683 | Vaults:5 | Identified the +2 plate armour of the Hall of Blades
                  | {Contam rC+ Int+2 Dex+3}
 47772 | Vaults:5 | Noticed an ancient lich
 47791 | Vaults:5 | Killed an ancient lich
 47912 | Vaults:5 | Identified Olueceo's Folio of Soot and Open Graves
 48099 | Vaults:5 | Reached XP level 24. HP: 185/208 MP: 48/48
 48143 | Vaults:5 | Identified the +11 orcbow "Petunn" {freeze, rElec rPois rC+
                  | Int+3 Dex-3}
 48143 | Vaults:5 | Identified the amulet "Fymehox" {rC+ Will+ Regen+}
 48165 | Vaults:5 | Identified the +4 morningstar of Faajiuh {heavy, Int+3
                  | Dex+3}
 48453 | Vaults:5 | Upgraded the game from 0.31-a0-1156-g12f98b2 to
                  | 0.31-a0-1161-g593ecc8
 49259 | Crypt:1  | Entered Level 1 of the Crypt
 49401 | Crypt:1  | Noticed Mennas
 49424 | Crypt:1  | Killed Mennas
 49445 | Crypt:1  | Reached skill level 5 in Shapeshifting
 49554 | Crypt:1  | Found a runed translucent gate.
 49554 | Crypt:1  | Found a runed translucent gate.
 49554 | Crypt:1  | Found a runed translucent gate.
 49564 | Crypt:1  | Identified the serpent talisman of Woitomodgh {+Blink
                  | Stlth+}
 49570 | Crypt:1  | Noticed Fainec's ghost (veteran GrEE)
 49571 | Crypt:1  | Identified the amulet "Kemp" {Rampage Fragile Will+ Regen+
                  | Int+3}
 49571 | Crypt:1  | Identified the +0 pair of gloves of Inquiry {+Inv Will+++
                  | rCorr Dex-3}
 49572 | Crypt:1  | Found an iron altar of Okawaru.
 49593 | Crypt:1  | Killed Fainec's ghost
 49939 | Crypt:1  | Found a runed translucent door.
 49940 | Crypt:1  | Noticed an ancient lich
 50108 | Crypt:1  | Killed an ancient lich
 50433 | Crypt:2  | Reached skill level 10 in Shapeshifting
 51140 | Crypt:3  | Entered Level 3 of the Crypt
 51595 | Crypt:3  | Identified the ring of Uckiokk {Ice Str+2}
 51595 | Crypt:3  | Noticed Josephina
 51612 | Crypt:3  | Killed Josephina
 51908 | Crypt:3  | Found the +5 scythe "Finisher" {speed, execute}
 52008 | Crypt:3  | Found a basalt altar of Yredelemnul.
 52008 | Crypt:3  | Noticed an ancient lich
 52015 | Crypt:3  | Killed an ancient lich
 52016 | Crypt:3  | Reached XP level 25. HP: 197/212 MP: 39/47
 52364 | Crypt:3  | Found a staircase to the Tomb.
 52637 | Depths:1 | Entered Level 1 of the Depths
 52847 | Depths:1 | Identified the +3 battleaxe of Tunev {heavy, MP+9 Dex+3}
 52915 | Depths:1 | Reached skill level 15 in Shapeshifting
 53079 | Depths:1 | Found a one-way gate leading to the halls of Pandemonium.
 53123 | Depths:1 | Found an iron altar of Okawaru.
 53186 | Depths:1 | Found a gateway to Hell.
 53660 | Depths:2 | Found a flickering gateway to a bazaar.
 53671 | Bazaar   | Entered a bazaar
 53671 | Bazaar   | Found Taosuk's Antique Weapon Emporium.
 53681 | Bazaar   | Found Wyth's Assorted Antiques.
 53694 | Bazaar   | Found Umiutora's Distillery.
 53722 | Bazaar   | Found Cuudd's Antique Armour Shop.
 53732 | Bazaar   | Bought a pair of faintly humming gloves for 256 gold pieces
 53732 | Bazaar   | Identified the +1 pair of gloves of the Bells {rElec rCorr}
                  | (You bought it in a shop in a bazaar)
 53766 | Bazaar   | Bought a potion of curing for 36 gold pieces
 53766 | Bazaar   | Bought a potion of lignification for 36 gold pieces
 53766 | Bazaar   | Bought a potion of mutation for 96 gold pieces
 53766 | Bazaar   | Bought a potion of haste for 120 gold pieces
 53766 | Bazaar   | Bought a potion of curing for 36 gold pieces
 53766 | Bazaar   | Bought a potion of resistance for 120 gold pieces
 53766 | Bazaar   | Bought a potion of heal wounds for 60 gold pieces
 53775 | Bazaar   | Bought a wand of iceblast (2) for 96 gold pieces
 53775 | Bazaar   | Bought a potion of might for 80 gold pieces
 53775 | Bazaar   | Bought a potion of heal wounds for 100 gold pieces
 53775 | Bazaar   | Bought a scroll of amnesia for 80 gold pieces
 53895 | Depths:2 | Found Main's Antique Armour Shoppe.
 53908 | Depths:2 | Bought a scorched helmet for 427 gold pieces
 53908 | Depths:2 | Identified the +1 helmet "Esoar" {rC+} (You bought it in a
                  | shop on level 2 of the Depths)
 54193 | Depths:2 | Identified the +0 chain mail "Vaogharo" {rC+ rN+ Str-5
                  | Stlth+}
 54358 | Depths:2 | Noticed Sojobo
 54367 | Depths:2 | Killed Sojobo
 54521 | Depths:2 | Identified Hept's Opusculum on the Violent Voyage
 54541 | Depths:2 | Noticed a juggernaut
 54726 | Depths:2 | Killed a juggernaut
 54829 | Depths:2 | Noticed a juggernaut
 54838 | Depths:2 | Killed a juggernaut
 55151 | Depths:2 | Reached XP level 26. HP: 192/222 MP: 38/48
 55341 | Depths:2 | Found a one-way gate to the infinite horrors of the Abyss.
 55374 | Depths:2 | Found a shimmering blue altar of Sif Muna.
 55475 | Depths:2 | Learned a level 4 spell: Passage of Golubria
 55518 | Depths:3 | Found a one-way gateway to a ziggurat.
 55731 | Depths:3 | Found a burning altar of Makhleb.
 55747 | Depths:3 | Found a glowing golden altar of the Shining One.
 56032 | Depths:3 | Noticed a juggernaut
 56277 | Depths:3 | Killed a juggernaut
 56339 | Depths:3 | Identified the +0 robe "Poelaush" {Str+2}
 56581 | Depths:3 | Acquired a book of Sloth
 56597 | Depths:4 | Entered Level 4 of the Depths
 56602 | Depths:4 | Noticed a juggernaut
 56702 | Depths:4 | Killed a juggernaut
 57132 | Depths:4 | Found a radiant altar of Vehumet.
 57164 | Depths:4 | Found Xusis's Self-Improvement Boutique.
 57173 | Depths:4 | Bought a manual of Summonings for 800 gold pieces
 57173 | Depths:4 | Bought a manual of Spellcasting for 800 gold pieces
 57173 | Depths:4 | Bought a manual of Long Blades for 800 gold pieces
 57364 | Depths:4 | Reached skill level 1 in Summonings
 57502 | Depths:4 | Found a gate to the Realm of Zot.
 57639 | Depths:4 | Learned a level 1 spell: Apportation
 57989 | Slime:1  | Entered Level 1 of the Pits of Slime
 58303 | Slime:2  | Reached skill level 8 in Armour
 58946 | Slime:3  | Reached XP level 27. HP: 191/228 MP: 38/47
 59530 | Slime:5  | Entered Level 5 of the Pits of Slime
 59536 | Slime:5  | Reached skill level 5 in Summonings
 59659 | Slime:5  | Noticed the Royal Jelly
 59663 | Slime:5  | Identified the +1 chain mail "Rerred" {+Blink Stlth+}
 59672 | Slime:5  | Killed the Royal Jelly
 59673 | Slime:5  | Reached skill level 5 in Translocations
 59728 | Slime:5  | Identified the Directory of Transfiguration and the Throng
 59731 | Slime:5  | Identified the +5 leather armour "Cayxtor" {Str+2 Slay+3}
 59731 | Slime:5  | Found the amulet of Vitality {RegenMP++ Regen++}
 59731 | Slime:5  | Identified the +8 chain mail of the Grue {Fly Int+3}
 59822 | Slime:5  | Reached skill level 9 in Armour
 59925 | Slime:5  | Identified the +9 rapier of the Mushroom {antimagic, Int+4}
 60299 | Slime:5  | Got a slimy rune of Zot
 60325 | Slime:5  | Acquired Sif Muna's Spellbook of Attendants
 60871 | Tomb:1   | Entered Level 1 of the Tomb of the Ancients
 60897 | Tomb:1   | Learned a level 5 spell: Yara's Violent Unravelling
 61324 | Tomb:1   | Reached skill level 10 in Armour
 61698 | Tomb:2   | Noticed a royal mummy
 61698 | Tomb:2   | Noticed a royal mummy
 61698 | Tomb:2   | Noticed a royal mummy
 61699 | Tomb:2   | Noticed a royal mummy
 61707 | Tomb:2   | Killed a royal mummy
 61709 | Tomb:2   | Killed a royal mummy
 61711 | Tomb:2   | Killed a royal mummy
 61714 | Tomb:2   | Killed a royal mummy
 61767 | Tomb:2   | Identified the +2 plate armour of the Gusle {Harm Stlth+}
 62006 | Tomb:2   | Learned a level 5 spell: Irradiate
 62016 | Tomb:1   | Noticed a royal mummy
 62027 | Tomb:1   | Killed a royal mummy
 62138 | Tomb:1   | Noticed a royal mummy
 62155 | Tomb:1   | Killed a royal mummy
 62197 | Tomb:1   | Noticed a royal mummy
 62209 | Tomb:1   | Killed a royal mummy
 62210 | Tomb:1   | Reached skill level 11 in Armour
 62210 | Tomb:1   | Reached skill level 1 in Transmutations
 62242 | Tomb:1   | Noticed a royal mummy
 62245 | Tomb:1   | Noticed a royal mummy
 62256 | Tomb:1   | Killed a royal mummy
 62257 | Tomb:1   | Noticed a royal mummy
 62272 | Tomb:1   | Killed a royal mummy
 62277 | Tomb:1   | Killed a royal mummy
 62288 | Tomb:1   | Noticed a royal mummy
 62298 | Tomb:1   | Killed a royal mummy
 62353 | Tomb:1   | Noticed a royal mummy
 62365 | Tomb:1   | Noticed a royal mummy
 62367 | Tomb:1   | Killed a royal mummy
 62384 | Tomb:1   | Killed a royal mummy
 62408 | Tomb:1   | Noticed a royal mummy
 62411 | Tomb:1   | Noticed a royal mummy
 62423 | Tomb:1   | Killed a royal mummy
 62432 | Tomb:1   | Killed a royal mummy
 62646 | Tomb:3   | Entered Level 3 of the Tomb of the Ancients
 62651 | Tomb:3   | Noticed a royal mummy
 62652 | Tomb:3   | Reached skill level 10 in Necromancy
 62655 | Tomb:3   | Noticed a royal mummy
 62659 | Tomb:3   | Killed a royal mummy
 62660 | Tomb:3   | Reached skill level 12 in Armour
 62667 | Tomb:3   | Killed a royal mummy
 62671 | Tomb:3   | Noticed a royal mummy
 62683 | Tomb:3   | Killed a royal mummy
 62685 | Tomb:3   | Noticed a royal mummy
 62698 | Tomb:3   | Killed a royal mummy
 62699 | Tomb:3   | Reached skill level 5 in Transmutations
 62776 | Tomb:3   | Found the +8 lance "Wyrmbane" {slay drac, rPois rF+ rC+
                  | AC+3}
 62991 | Tomb:3   | Noticed a royal mummy
 62995 | Tomb:3   | Noticed a royal mummy
 63011 | Tomb:3   | Killed a royal mummy
 63011 | Tomb:3   | Killed a royal mummy
 63026 | Tomb:3   | Noticed a royal mummy
 63035 | Tomb:3   | Killed a royal mummy
 63059 | Tomb:3   | Noticed a royal mummy
 63070 | Tomb:3   | Reached skill level 13 in Armour
 63072 | Tomb:3   | Killed a royal mummy
 63074 | Tomb:3   | Noticed a royal mummy
 63088 | Tomb:3   | Killed a royal mummy
 63128 | Tomb:3   | Got a golden rune of Zot
 63194 | Tomb:3   | Identified Delorch's Papyrus of the Tectonic Snake
 63195 | Tomb:3   | Identified the ring of the Iron Devil {rN+ SInv}
 63195 | Tomb:3   | Identified the Spellbook of Cooperative Coordinates
 63196 | Tomb:3   | Identified the +11 scimitar of the Blushing Gods {protect,
                  | Will- Str+2 Dex+3 SInv}
 63198 | Tomb:3   | Identified the +2 broad axe "Zaibyeri" {freeze, Fly rF+
                  | Str+3 Dex+3}
 63198 | Tomb:3   | Identified the staff of the Soothsayer {rElec rC+++ Int-5
                  | Stlth+ Earth}
 63200 | Tomb:3   | Identified the amulet of Rationality {rElec Regen+ Stlth+}
 63212 | Tomb:3   | Identified Roxanne's Annotations on Amorphous Grit
 63212 | Tomb:3   | Identified the +1 dagger of Cobwebs {heavy, rCorr}
 63877 | D:7      | Bought a scroll of vulnerability for 48 gold pieces
 63877 | D:7      | Bought 3 scrolls of amnesia for 144 gold pieces
 63877 | D:7      | Bought a scroll of enchant armour for 90 gold pieces
 63972 | D:7      | Bought a scroll of teleportation for 90 gold pieces
 63972 | D:7      | Bought a potion of curing for 90 gold pieces
 64079 | Orc:2    | Bought a potion of magic for 120 gold pieces
 64079 | Orc:2    | Bought a scroll of revelation for 112 gold pieces
 64409 | Zot:1    | Entered Level 1 of the Realm of Zot
 64447 | Zot:1    | Identified the +0 rapier of the Feeding Augurer {flame, rC+
                  | Will+ Str+2}
 64630 | Zot:1    | Noticed Parghit
 64642 | Zot:1    | Killed Parghit
 65048 | Zot:2    | Reached skill level 14 in Armour
 65388 | Zot:2    | Identified the +10 plate armour of Qazlal's Felicitations
                  | {rElec rN+ rCorr Int-4}
 65532 | Zot:3    | Reached skill level 15 in Armour
 65789 | Zot:3    | Found the +4 dragonskin cloak
 65789 | Zot:3    | Noticed Tiamat
 65826 | Zot:3    | Killed Tiamat
 66232 | Zot:4    | Found a runed translucent gate.
 66232 | Zot:4    | Found a runed translucent gate.
 66233 | Zot:4    | Found a runed translucent gate.
 66233 | Zot:4    | Noticed Olul's ghost (legendary MiFi)
 66250 | Zot:4    | Reached skill level 16 in Armour
 66431 | Zot:4    | Noticed an orb of fire
 66441 | Zot:4    | Killed an orb of fire
 66600 | Zot:4    | Reached skill level 17 in Armour
 67139 | Zot:4    | Killed Olul's ghost
 67183 | Zot:5    | Entered Level 5 of the Realm of Zot
 67482 | Zot:5    | Reached skill level 18 in Armour
 67571 | Zot:5    | Noticed an ancient lich
 67578 | Zot:5    | Killed an ancient lich
 67621 | Zot:5    | Noticed an orb of fire
 67622 | Zot:5    | Noticed an orb of fire
 67628 | Zot:5    | Killed an orb of fire
 67628 | Zot:5    | Noticed an orb of fire
 67630 | Zot:5    | Noticed an ancient lich
 67638 | Zot:5    | Reached skill level 19 in Armour
 67638 | Zot:5    | Killed an orb of fire
 67639 | Zot:5    | Killed an ancient lich
 67640 | Zot:5    | Killed an orb of fire
 67670 | Zot:5    | Reached skill level 20 in Armour
 67859 | Zot:5    | Noticed an ancient lich
 67862 | Zot:5    | Noticed an orb of fire
 67864 | Zot:5    | Reached skill level 21 in Armour
 67865 | Zot:5    | Killed an ancient lich
 67869 | Zot:5    | Killed an orb of fire
 67922 | Zot:5    | Reached skill level 22 in Armour
 67966 | Zot:5    | Noticed an ancient lich
 67974 | Zot:5    | Killed an ancient lich
 68033 | Zot:5    | Noticed an ancient lich
 68045 | Zot:5    | Killed an ancient lich
 69178 | Swamp:2  | Killed Xozugaitue's ghost
 69586 | Hell     | Entered the Vestibule of Hell
 69586 | Hell     | Noticed Geryon
 69599 | Hell     | Killed Geryon
 69604 | Hell     | Reached skill level 23 in Armour
 69614 | Hell     | Reached skill level 5 in Conjurations
 69859 | Hell     | Found a gateway to the freezing wastes of Cocytus.
 69926 | Hell     | Found a gateway to the ashen valley of Gehenna.
 70040 | Hell     | Found a gateway to the Iron City of Dis.
 70191 | Hell     | Found a gateway to the decaying netherworld of Tartarus.
 70556 | Vaults:4 | Bought the ring "Sayh" {Wiz +Blink rCorr Str-5 Slay+5} for
                  | 841 gold pieces
 70944 | Pan      | Entered Pandemonium
 71049 | Pan      | Reached skill level 24 in Armour
 71060 | Pan      | Identified the -1 buckler of Wawirit {rN+ MP+9}
 71115 | Pan      | Killed Duajuzill the pandemonium lord
 71293 | Pan      | Noticed Olokap the pandemonium lord
 71302 | Pan      | Killed Olokap the pandemonium lord
 71418 | Pan      | Got a demonic rune of Zot
 71549 | Pan      | Reached skill level 25 in Armour
 71690 | Pan      | Entered the realm of Mnoleg.
 71710 | Pan      | Noticed Mnoleg
 71731 | Pan      | Killed Mnoleg
 71759 | Pan      | Got a glowing rune of Zot
 71867 | Pan      | Entered the realm of Gloorx Vloq.
 71959 | Pan      | Noticed Gloorx Vloq
 71970 | Pan      | Reached skill level 26 in Armour
 71975 | Pan      | Killed Gloorx Vloq
 72016 | Pan      | Got a dark rune of Zot
 72141 | Pan      | Noticed Exkymnel the pandemonium lord
 72152 | Pan      | Killed Exkymnel the pandemonium lord
 72155 | Pan      | Entered the realm of Lom Lobon.
 72155 | Pan      | Noticed Lom Lobon
 72177 | Pan      | Reached skill level 27 in Armour
 72200 | Pan      | Got a magical rune of Zot
 72221 | Pan      | Killed Lom Lobon
 72431 | Pan      | Noticed Gojiz the pandemonium lord
 72442 | Pan      | Killed Gojiz the pandemonium lord
 72468 | Pan      | Noticed Ignacio
 72477 | Pan      | Killed Ignacio
 72504 | Pan      | Noticed Ohasar the pandemonium lord
 72512 | Pan      | Killed Ohasar the pandemonium lord
 72513 | Pan      | Reached skill level 10 in Transmutations
 72600 | Pan      | Entered the realm of Cerebov.
 72640 | Pan      | Identified the ring "Boogegei" {EV+5 Str+5}
 72900 | Pan      | Found the +6 sword of Cerebov {flame}
 72900 | Pan      | Noticed Cerebov
 72926 | Pan      | Killed Cerebov
 72928 | Pan      | Identified the +7 plate armour of Ijuxuefru {*Corrode
                  | Regen+ Str+4}
 72964 | Pan      | Identified the +2 double sword of Faniar {flame, rC+ Dex+2
                  | SInv}
 72964 | Pan      | Identified the +5 morningstar "Lurchoh" {antimagic, *Slow
                  | rN+ Str+2 Dex+2}
 72966 | Pan      | Identified the +9 hand axe of Temperance {flame, rF++
                  | Str+2}
 72971 | Pan      | Got a fiery rune of Zot
 73266 | Pan      | Found an exit through the horrors of the Abyss.
 73277 | Pan      | Took an exit into the Abyss.
 73277 | Abyss:1  | Escaped into the Abyss
 73284 | Abyss:1  | Found a corrupted altar of Lugonu.
 73379 | Abyss:2  | Noticed a dread lich
 73396 | Abyss:3  | Found a corrupted altar of Lugonu.
 73457 | Abyss:3  | Found a corrupted altar of Lugonu.
 73471 | Abyss:3  | Found a corrupted altar of Lugonu.
 73587 | Abyss:4  | Got an abyssal rune of Zot
 73646 | Abyss:5  | Found a corrupted altar of Lugonu.
 73659 | Depths:1 | Escaped the Abyss
 73758 | Geh:1    | Entered Level 1 of Gehenna
 74436 | Geh:7    | Entered Level 7 of Gehenna
 74819 | Geh:7    | Found the +13 sceptre of Asmodeus
 74819 | Geh:7    | Noticed Asmodeus
 74849 | Geh:7    | Killed Asmodeus
 74877 | Geh:7    | Got an obsidian rune of Zot
 75061 | Coc:1    | Entered Level 1 of Cocytus
 75541 | Coc:5    | Noticed a dread lich
 75547 | Coc:5    | Killed a dread lich
 75768 | Coc:7    | Entered Level 7 of Cocytus
 75775 | Coc:7    | Paralysed by a wendigo for 1 turns
 75837 | Coc:7    | Paralysed by a wendigo for 1 turns
 75871 | Coc:7    | Noticed the Serpent of Hell
 75891 | Coc:7    | Killed the Serpent of Hell
 75913 | Coc:7    | Paralysed by a wendigo for 1 turns
 75921 | Coc:7    | Paralysed by a wendigo for 1 turns
 76163 | Coc:7    | Noticed Antaeus
 76208 | Coc:7    | Killed Antaeus
 76265 | Coc:7    | Identified the ring of Xom's Approval {Str+6 Int-4 Dex+7}
 76290 | Coc:7    | Got an icy rune of Zot
 76463 | Tar:1    | Entered Level 1 of Tartarus
 76474 | Tar:1    | You fall into a shaft and drop 1 floor!
 76885 | Tar:7    | Entered Level 7 of Tartarus
 76887 | Tar:7    | Noticed a dread lich
 76887 | Tar:7    | Identified the +1 arbalest "Ufrytuf" {flame, rPois rN+
                  | Int+4}
 76902 | Tar:7    | Killed a dread lich
 76966 | Tar:7    | Noticed a dread lich
 76976 | Tar:7    | Killed a dread lich
 77089 | Tar:7    | Reached skill level 10 in Summonings
 77106 | Tar:7    | Reached skill level 10 in Translocations
 77279 | Tar:7    | Noticed Ereshkigal
 77299 | Tar:7    | Killed Ereshkigal
 77349 | Tar:7    | Got a bone rune of Zot
 77483 | Dis:1    | Entered Level 1 of the Iron City of Dis
 77745 | Dis:7    | Entered Level 7 of the Iron City of Dis
 77864 | Dis:7    | Noticed a dread lich
 77880 | Dis:7    | Killed a dread lich
 77898 | Dis:7    | Learned a level 7 spell: Haunt
 78209 | Dis:7    | Reached skill level 15 in Summonings
 78899 | Dis:7    | Noticed Dispater
 78902 | Dis:7    | Noticed a juggernaut
 78912 | Dis:7    | Killed Dispater
 78916 | Dis:7    | Killed a juggernaut
 78917 | Dis:7    | Reached skill level 15 in Necromancy
 78940 | Dis:7    | Got an iron rune of Zot
 79320 | Zot:5    | Got the Orb of Zot
 79405 | Zot:4    | Noticed Marhoomp the pandemonium lord
 79411 | Abyss:5  | Cast into level 5 of the Abyss (Marhoomp)
 79430 | Zot:4    | Escaped the Abyss
 79435 | Zot:4    | Killed Marhoomp the pandemonium lord
 80094 | D:$      | Escaped with the Orb!

Illustrated notes

Levels and vault maps discovered:
D:1:      lightli_arrival_noodles, layout_loops_ring
D:2:      layout_loops_ring, dreamdust_ecumenical_altar_sealed_demon
D:3:      layout_rooms, kennysheep_jessica_study
D:4:      layout_basic, lemuel_mausoleum_altar_kikubaaqudgha,
          old_standard_altar, roderic_lattice_a, chequers_jeans
D:5:      kennysheep_spiral_hall, layout_basic, nicolae_ossuary_entry_ruins,
          reono_crystal_passage, kb_lookout_dungeons_type
D:6:      layout_loops_ring, mainiacjoe_overflow_cross_hatched,
          minmay_temple_entry_antechambers, gammafunk_ghost_necromancy
D:7:      layout_cave_pools, nicolae_shop_distant_corner_stores,
          hangedman_decor_slide_cut, nicolae_elemental_shop, grunt_decor_cap
D:8:      layout_rooms, grunt_temple_overflow_open, lair_entry_dummy,
          minmay_fire_ice_demons
D:9:      layout_basic, pdpol_temple_overflow_zin_treasury_gozag_greed,
          david_orc_5, ebering_ghost_rock_garden
D:10:     layout_roguey, lemuel_zombie_altar_yredelemnul,
          evilmike_ruin_ashenzari, uniq_maggie
D:11:     layout_layer_cave
D:12:     layout_loops_ring, serial_shops, shop, nicolae_shop_i_like_big_books
D:13:     layout_small_grid
D:14:     layout_rooms, david_vaults_5, elyvilon_altar_4, argonaut_gorgonesque
D:15:     gammafunk_depths_entry_grave, layout_grid_maze, serial_park_gazebo
          [serial_park_minivault_5x5_1], gauntlet_entry_generic,
          minmay_misc_feat_diagonals
Temple:   hellmonk_temple_of_storms
Lair:1:   layout_layer_cave, fungi_pond_lemuel, nzn_random_ring,
          grunt_megastairs_2, uniq_gastronok
Lair:2:   layout_cave_shapes, swamp_mist, serial_forest,
          infiniplex_forest_3_way, infiniplex_forest_straight_2,
          infiniplex_forest_lined_room_, infiniplex_forest_lined_ring,
          infiniplex_forest_3_way, infiniplex_forest_zigzag_1,
          infiniplex_forest_straight_2, infiniplex_forest_pool,
          infiniplex_forest_corner_1, infiniplex_forest_clump_double,
          cheibrodos_lair_lostbears, uniq_nergalle
Lair:3:   layout_regular_city, nicolae_snake_entry_squirm,
          grunt_forest_large_clearings
Lair:4:   layout_gridlike, lemuel_fruit_tree
Lair:5:   cheibrodos_lair_end_hotspot, layout_hall_layers,
          nicolae_slime_entry_slimehenge, basic_altar, enter_volcano_4
Swamp:1:  layout_basic_swamp, hangedman_swamp_diagram
Swamp:2:  layout_basic_swamp, gammafunk_ghost_abyssal_escape,
          evilmike_swamp_ruin_house_5
Swamp:3:  layout_falls_marsh, nicolae_swamp_big_swirl
Swamp:4:  grunt_swamp_rune_castle, layout_basic_swamp, infiniplex_staircase_pool
Snake:1:  layout_layer_cave, nicolae_integral_box, grunt_megastairs_4,
          uniq_asterion, uniq_mlioglotl
Snake:2:  layout_honeycomb
Snake:3:  layout_onion, uniq_louise, uniq_aizul
Snake:4:  grunt_snake_rune_spirals, layout_onion, uniq_kirke, uniq_donald
Slime:1:  layout_caves
Slime:2:  layout_caves
Slime:3:  layout_caves
Slime:4:  layout_caves, cheibrodos_slime_lost_civilization_4
Slime:5:  slime_pit_nicolae_inversion
Orc:1:    layout_caves
Orc:2:    st_orc_mages, layout_caves, special_room, basic_altar,
          nicolae_orc_stony_grotto, uniq_saint_roka, uniq_erolcha, uniq_urug
Elf:1:    layout_loops_ring, hangedman_elf_disciples, hangedman_glass_teeth
Elf:2:    nicolae_elf_blades_splatter_lattice [nicolae_blade_bullseye],
          layout_geoelf_octagon, portal_desolation_entry_salt, serial_shops,
          shop, grunt_ministairs_14, drop_trap, minivault_19,
          bh_hangedman_babel_library
Elf:3:    minmay_elf_hall_four_x, layout_loops_ring, hangedman_summoners_spam
Vaults:1: nicolae_vaults_apartment_2, v_misc_13, nicolae_vaults_angled_halls,
          nicolae_vaults_surprise_closet, vaults_room_grid,
          ontoclasm_vaults_shout, nicolae_vaults_gold_heap,
          nicolae_vaults_closet_pinwheel_1, layout_vaults_quadrants
Vaults:2: minmay_crypt_entry_necro_gods, hangedman_vaults_hat,
          nicolae_vaults_big_ls, nicolae_vaults_shipping_containers_3,
          nicolae_vaults_apartment_1, v_misc_25,
          nicolae_vaults_closet_pinwheel_4, nicolae_vaults_border_crossing,
          layout_vaults_chaotic_city, serial_shops, nicolae_shop_rolling_square
Vaults:3: gammafunk_ghost_crypt, serial_library_hellmonk_open_square,
          nicolae_vaults_offset_grid_hallway_2,
          nicolae_vaults_closet_pinwheel_5, ontoclasm_vaults_tryst,
          nicolae_vaults_tetromino_L_2, v_misc_8, v_misc_26, v_alt_pattern_2,
          v_misc_16, hangedman_vaults_cutoff, nicolae_vaults_closet_pinwheel_6,
          v_misc_1, nicolae_vaults_security_offices_1, grunt_vaults_focal,
          layout_vaults_omnibox
Vaults:4: nicolae_vaults_diamond_2, nicolae_vaults_storage_room_water,
          nicolae_vaults_trapezoid_4, vaults_mumra_chevron,
          ontoclasm_vaults_gateway, ontoclasm_vaults_pinch,
          nicolae_vaults_tetromino_Z_2, v_misc_25, grunt_vaults_diagonal,
          vaults_dpeg_hooks, nicolae_vaults_little_squares_1,
          nicolae_vaults_mitosis, nicolae_vaults_trapezoid_1,
          nicolae_vaults_storage_room_statues, nicolae_vaults_diamond_1,
          layout_vaults_ring, serial_shops, shop
Vaults:5
Crypt:1:  cheibrodos_crypt_cold_storage, layout_chaotic_city,
          gammafunk_ghost_fury_of_okawaru, grunt_megastairs_5, uniq_mennas
Crypt:2:  layout_chaotic_city, grunt_megastairs_1
Crypt:3:  cryptofortress_bobbens, uniq_josephina
Tomb:1
Tomb:2
Tomb:3
Depths:1: layout_basic, serial_sigils, serial_sigils_hangedman_stare,
          serial_sigils_hangedman_gut, serial_sigils_hangedman_scratch,
          serial_sigils_hangedman_clutch, serial_sigils_hangedman_carve,
          grunt_pan_entry_spiral, hangedman_coc_ice_floe,
          kennysheep_okawaru_gauntlet
Depths:2: angbandy_vault, layout_gridlike, minmay_room_of_horrors,
          rand_demon_pan_entry_3, serial_shops, bzr_entry_customers, hell_entry,
          serial_library_hellmonk_statue_hall, minmay_shop_star, uniq_sojobo
Depths:3: hangedman_cross_veins, layout_gridlike, enter_ziggurat_f,
          nicolae_abyss_entry_one_way_or_another, hell_entry, nzn_life_drinkers,
          serial_bayou_shore_b
Depths:4: grunt_zot_entry_hairpin, layout_honeycomb, grunt_hell_entry_dis_grunt,
          vehumet_crystals, nicolae_shop_self_help
Hell
Dis:1:    layout_jigsaw
Dis:2:    layout_subdivisions
Dis:3:    layout_subdivisions
Dis:4:    layout_regular_city
Dis:5:    layout_jigsaw
Dis:6:    nicolae_dis_hell_towers
Dis:7:    dis_hangedman
Geh:1:    layout_gehenna_lava_caves, nicolae_hells_seeping_fissure
Geh:2:    layout_gehenna_lava_caves
Geh:3:    layout_gehenna_pools_basic, hangedman_elemental_grid_stream
Geh:4:    layout_gehenna_pools_box
Geh:5:    nicolae_geh_split_lavaduct, layout_gehenna_pools_box
Geh:6:    layout_gehenna_pools_triple
Geh:7:    geh_hangedman
Coc:1:    layout_ice_bergs
Coc:2:    layout_ice_bergs
Coc:3:    layout_cocytus_delve, nicolae_coc_icebean_singular
          [nicolae_sub_coc_subbean]
Coc:4:    layout_cocytus_water_paths
Coc:5:    layout_cocytus_water_paths
Coc:6:    layout_ice_bergs
Coc:7:    coc_grunt_cove [coc_grunt_cove_antaeus, coc_grunt_cove_fiend,
          coc_grunt_cove_fiend, coc_grunt_cove_fiend, coc_grunt_cove_fiend]
Tar:1:    layout_grid_maze, nicolae_hells_seeping_fissure
Tar:2:    layout_grid_maze
Tar:3:    layout_cathedral_of_symmetry
Tar:4:    layout_cathedral_of_symmetry
Tar:5:    layout_grid_maze
Tar:6:    layout_honeycomb
Tar:7:    tar_old
Zot:1:    layout_twisted_circle, lemuel_baited_zot_trap, uniq_parghit
Zot:2:    layout_cellular_growth, bh_zot_levy_curve
Zot:3:    layout_onion_interference, regret_index_zotdec_magical_s, uniq_tiamat
Zot:4:    layout_cathedral_of_symmetry, gammafunk_ghost_split
Zot:5:    layout_misc_corridors, regret_index_zotdec_zees,
          nicolae_zot_crop_circle

Skill      XL: |  1  2  3  4  5  6  7  8  9 10 11 12 13 14 15 16 17 18 19 20 21 22 23 24 25 26 27 |
---------------+----------------------------------------------------------------------------------+-----
Fighting       | 2 3 4 5 7 8 9 10 12 13 14 15 16 17 22 | 22.3
Evocations     | 4 5 6 |  6.0
Long Blades    | 5 8 12 13 15 17 18 19 20 25 | 25.6
Armour         | 4 6 7 8 27 | 27.0
Dodging        | 3 5 6 8 11 14 16 18 25 | 25.4
Hexes          | 3 8 11 12 15 21 | 21.7
Spellcasting   | 3 7 10 11 12 14 15 16 17 23 | 23.2
Conjurations   | 2 5 |  5.0
Ice Magic      | 2 7 11 15 18 21 23 25 | 25.5
Air Magic      | 2 6 8 9 |  9.0
Translocations | 1 2 4 10 | 10.3
Necromancy     | 3 6 8 9 15 | 15.6
Earth Magic    | 4 |  4.1
Shapeshifting  | 2 13 18 21 23 | 23.8
Summonings     | 4 17 | 17.3
Transmutations | 12 | 12.0
Stealth        | |  0.8

Action                     |  1- 3 |  4- 6 |  7- 9 | 10-12 | 13-15 | 16-18 | 19-21 | 22-24 | 25-27 || total
---------------------------+-------+-------+-------+-------+-------+-------+-------+-------+-------++-------
  Melee: Battleaxe         |    86 |    22 |       |       |       |       |       |       |       ||   108
         Falchion          |       |     4 |       |       |       |       |       |       |       ||     4
         Hand axe          |       |   102 |       |       |       |       |       |       |       ||   102
         Punch             |       |     1 |     2 |    11 |    24 |       |       |       |       ||    38
         Scimitar          |       |       |   396 |   309 |  1103 |       |       |       |       ||  1808
         Dagger            |       |       |       |   192 |    30 |       |       |       |       ||   222
         Great sword       |       |       |       |       |   225 |  1453 |  1141 |   909 |  4094 ||  7822
         Unarmed           |       |       |       |       |       |     4 |       |       |       ||     4
   Fire: Sling             |       |       |    18 |       |       |       |       |       |       ||    18
         Shortbow          |       |       |    49 |   143 |    48 |     2 |       |       |       ||   242
  Throw: Throwing net      |       |       |       |     1 |     1 |     1 |       |       |       ||     3
         Boomerang         |       |       |       |       |     9 |       |       |       |       ||     9
         Dart              |       |       |       |       |     3 |     2 |       |       |    13 ||    18
   Cast: Jinxbite          |       |       |       |       |     1 |    12 |       |       |       ||    13
         Cause Fear        |       |       |       |       |       |     2 |     1 |       |       ||     3
         Lesser Beckoning  |       |       |       |       |       |    35 |    30 |    18 |    67 ||   150
         Enfeeble          |       |       |       |       |       |    26 |    51 |    12 |   101 ||   190
         Freezing Cloud    |       |       |       |       |       |    32 |    25 |       |       ||    57
         Ozocubu's Refrige |       |       |       |       |       |       |    19 |       |    20 ||    39
         Passwall          |       |       |       |       |       |       |     4 |       |    26 ||    30
         Polar Vortex      |       |       |       |       |       |       |    13 |    74 |   248 ||   335
         Simulacrum        |       |       |       |       |       |       |     8 |       |       ||     8
         Borgnjor's Vile C |       |       |       |       |       |       |     2 |       |    29 ||    31
         Summon Mana Viper |       |       |       |       |       |       |     1 |    23 |    37 ||    61
         Blink             |       |       |       |       |       |       |     1 |       |     1 ||     2
         Vhi's Electric Ch |       |       |       |       |       |       |     1 |       |     1 ||     2
         Discord           |       |       |       |       |       |       |       |    50 |   148 ||   198
         Manifold Assault  |       |       |       |       |       |       |       |       |    17 ||    17
         Haunt             |       |       |       |       |       |       |       |       |    24 ||    24
         Yara's Violent Un |       |       |       |       |       |       |       |       |    21 ||    21
         Irradiate         |       |       |       |       |       |       |       |       |    18 ||    18
         Passage of Golubr |       |       |       |       |       |       |       |       |    15 ||    15
         Apportation       |       |       |       |       |       |       |       |       |     5 ||     5
 Invoke: Curse Item        |       |       |       |     4 |     4 |     4 |     2 |     3 |     6 ||    23
         Shatter the Chain |       |       |       |       |     4 |       |     2 |     4 |     4 ||    14
Ability: Begin Untransform |     1 |       |       |       |       |       |       |       |     2 ||     3
         Hop               |       |     1 |     3 |     4 |    12 |    13 |     6 |     4 |    18 ||    61
         Siphon Essence    |       |       |       |       |       |       |       |       |     1 ||     1
  Evoke: Wand              |     2 |     8 |     5 |    38 |    33 |    11 |    27 |     3 |    12 ||   139
         Lightning rod     |       |       |       |       |       |       |       |       |     2 ||     2
         Box of beasts     |       |       |       |       |       |       |       |       |     1 ||     1
    Use: Scroll            |       |       |    15 |     2 |    14 |     3 |    12 |     8 |    41 ||    95
         Potion            |       |       |     1 |     2 |     4 |     4 |     3 |     4 |    11 ||    29
   Stab: Distracted        |       |       |       |     2 |     3 |     5 |     4 |     2 |    31 ||    47
         Held in net/web   |       |       |       |     1 |     1 |       |       |       |       ||     2
         Invisible         |       |       |       |       |     3 |    15 |    19 |     4 |    35 ||    76
         Petrified         |       |       |       |       |    10 |       |       |       |       ||    10
         Sleeping          |       |       |       |       |     2 |     3 |     2 |     3 |     4 ||    14
         Betrayed ally     |       |       |       |       |       |       |     1 |       |       ||     1
 Armour: Leather armour    |     7 |       |    94 |   351 |    77 |       |       |       |       ||   529
         Scale mail        |    96 |   123 |   367 |       |       |       |       |       |       ||   586
         Troll leather arm |       |       |       |       |   776 |   770 |   584 |   521 |  1184 ||  3835
         Skin              |       |       |       |       |       |     2 |       |       |       ||     2
         Gold dragon scale |       |       |       |       |       |       |       |       |  2242 ||  2242
  Dodge: Dodged            |    54 |    61 |   290 |   328 |  1377 |  1875 |  1178 |   879 |  4452 || 10494
   Form: Beast             |     1 |       |       |       |       |       |       |       |       ||     1
         Death             |       |       |       |       |       |       |       |       |     3 ||     3

Table legend: (Time is in decaauts)
 A = Elapsed time spent in this place.
 B = Non-inter-level travel time spent in this place.
 C = Inter-level travel time spent in this place.
 D = Time resting spent in this place.
 E = Time spent auto-exploring this place.
 F = Levels seen in this place.
 G = Mean time per level.
                   A        B        C        D        E       F      G
               +--------+--------+--------+--------+--------+-----+--------+
         Total |  88408 |  76361 |  12047 |  12938 |  39167 | 115 |  768.8 |
       Dungeon |  25035 |  20039 |   4996 |   6267 |   9401 |  15 | 1669.0 |
        Temple |      6 |      6 |      0 |      0 |      0 |   1 |    6.0 |
          Lair |   5858 |   4949 |    909 |    125 |   3410 |   5 | 1171.6 |
         Swamp |   3868 |   3450 |    418 |    708 |   1682 |   4 |  967.0 |
     Snake Pit |   5197 |   4959 |    238 |    603 |   3301 |   4 | 1299.2 |
    Slime Pits |   2771 |   2474 |    297 |      9 |   1948 |   5 |  554.2 |
  Orcish Mines |   2049 |   1782 |    267 |    200 |   1113 |   2 | 1024.5 |
   Elven Halls |   3622 |   3462 |    160 |    242 |   1984 |   3 | 1207.3 |
        Vaults |   9464 |   7841 |   1623 |   1463 |   4640 |   5 | 1892.8 |
         Crypt |   3721 |   3284 |    437 |    387 |   1780 |   3 | 1240.3 |
          Tomb |   2884 |   2556 |    328 |    189 |   1289 |   3 |  961.3 |
        Depths |   6564 |   5559 |   1005 |    987 |   3069 |   4 | 1641.0 |
          Hell |    859 |    607 |    252 |      0 |    359 |   1 |  859.0 |
           Dis |   1634 |   1506 |    128 |    228 |     31 |   7 |  233.4 |
       Gehenna |   1289 |   1156 |    133 |    101 |    291 |   7 |  184.1 |
       Cocytus |   1410 |   1315 |     95 |    105 |    476 |   7 |  201.4 |
      Tartarus |    990 |    936 |     54 |     57 |     72 |   7 |  141.4 |
           Zot |   5287 |   4585 |    702 |    151 |   3284 |   5 | 1057.4 |
         Abyss |    434 |    434 |      0 |      0 |     82 |   6 |   72.3 |
   Pandemonium |   2476 |   2476 |      0 |     68 |    173 |  16 |  154.8 |
        Bazaar |    154 |    154 |      0 |      0 |     70 |   1 |  154.0 |
       Ossuary |    457 |    457 |      0 |    145 |    142 |   1 |  457.0 |
       Volcano |    210 |    210 |      0 |     24 |      0 |   1 |  210.0 |
    Desolation |   1301 |   1301 |      0 |    432 |    350 |   1 | 1301.0 |
      Gauntlet |    858 |    858 |      0 |    443 |    212 |   1 |  858.0 |
               +--------+--------+--------+--------+--------+-----+--------+

Top non-repeatable levels by time:
Vaults:4: 2332 daAuts
     D:9: 2251 daAuts
    D:14: 2210 daAuts
    D:12: 2107 daAuts
    D:15: 2085 daAuts
    D:11: 2060 daAuts
     D:5: 2043 daAuts
    D:13: 1990 daAuts
Depths:2: 1972 daAuts
Vaults:5: 1875 daAuts
Vaults:2: 1832 daAuts
   Zot:5: 1812 daAuts
Vaults:1: 1801 daAuts
Depths:4: 1754 daAuts
 Snake:4: 1666 daAuts
